 Dungeon Crawl Stone Soup version 0.31-a0-1042-ga9834b393d (webtiles) character file.

Game seed: 13339448157521460830

1740714 MackTheKnife the Worldbinder (level 26, 239/239 HPs)
             Began as a Djinni Necromancer on Nov 19, 2023.
             Was the Champion of Ru.
             Escaped with the Orb
             ... and 3 runes!
             The game lasted 02:17:52 (63029 turns).

MackTheKnife the Worldbinder (Djinni Necromancer)  Turns: 63029, Time: 02:17:53

Health: 239/239    AC: 36    Str: 13    XL:     26
Gold:   5229       EV: 33    Int: 31    God:    Ru [******] SH:  8 Dex: 25

rFire   + + .        b - +4 scimitar "Ephenk" {drain, rPois rF- rC++ Int+4, long}
rCold   + + +        P - +1 buckler {rC+ rF+}
rNeg    + . .        F - melded +3 troll leather armour
rPois   ∞            C - +2 hat {Will+}
rElec   +            D - +2 cloak {Stlth+}
rCorr   +            N - melded +1 pair of gloves of Defiance {rN++}
SInv    .            (boots unavailable)
Will    +++..        U - amulet of the Air {Inacc Air Fly rElec RMsl}
Stlth   ++           i - ring "Piybiwn" {rC+ Will- rCorr AC+4 Str+3}
HPRegen 0.59/turn    I - ring of the Twisting Gods {+Blink Will+ Int+3 Dex+6}
MPRegen 0.00/turn

%: inaccuracy (-5), repel missiles
@: statue-form, flying, studying Summonings, very slow
A: slow and powerful, torment resistance 1, flying, boosted hp, sickness
immunity, fire resistance 2, cold vulnerability 1, inability to use devices,
cowardly, inability to train armour, inexperienced 1, float, innate caster, HP
casting, extra vitality 1, (iridescent scales 1), clumsy 2, deterioration 1,
frail 1, passive freeze, sense surroundings 1
0: Orb of Zot
}: 3/15 runes: decaying, slimy, gossamer
a: Begin Untransformation, Renounce Religion, Draw Out Power, Power Leap,
Apocalypse


You escaped.
You worshipped Ru.
Ru was exalted by your worship.
You were a living statue of rough stone.
You visited 10 branches of the dungeon, and saw 51 of its levels.
You also visited: Bailey, Ice Cave and Volcano.

You collected 7888 gold pieces.
You spent 2659 gold pieces at shops.


Innate Abilities, Weirdness & Mutations

You are a living statue of rough stone.
Your actions are slow, but your melee attacks are powerful.
You are resistant to unholy torment.
You are flying.
Your maximum health is greatly increased.
Your equipment is partially melded.
You are immune to sickness and miasma.
You are immune to poison.
Your flesh is very heat resistant. (rF++)
You are vulnerable to cold. (rC-)
You cannot study or use magical devices.
Your cowardice makes you less effective in combat with threatening foes.
You cannot train Armour skill.
You are somewhat inexperienced. (-1 XL)
You float through the air rather than walking.
You learn spells naturally, not from books.
Your magical power is your life essence.
You have superior vitality. (+4 MHP)
((You are partially covered in iridescent scales. (AC +2)))
You are very clumsy. (Dex -4)
Your body sometimes deteriorates upon taking damage.
You are frail. (-10% HP)
A frigid envelope surrounds you and freezes all who hurt you.
You passively map a small area around you.


   Skills:
 + Level 22.0 Fighting
 - Level 14.0 Polearms
 - Level 16.0 Ranged Weapons
 + Level 22.3 Dodging
 - Level 3.0 Stealth
 - Level 7.0 Shields
 - Level 19.0 Spellcasting
 - Level 19.0 Conjurations
 - Level 19.0 Hexes
 - Level 25.0 Summonings
 - Level 19.0 Necromancy
 - Level 19.0 Translocations
 - Level 19.0 Transmutations
 - Level 19.0 Fire Magic
 - Level 19.0 Ice Magic
 - Level 19.0 Air Magic
 - Level 19.0 Earth Magic
 - Level 19.0 Poison Magic
 - Level 16.0 Shapeshifting


You knew the following spells:

 Your Spells              Type           Power      Damage    Failure   Level
a - Necrotise             Necr           100%       1d9       0%          1
b - Vampiric Draining     Necr           99%        2d13      0%          3
c - Plasma Beam           Fire/Air       60%        2x1d76    1%          6
d - Agony                 Necr           99%        N/A       1%          5
e - Freeze                Ice            100%       1d10      0%          1
f - Wereblood             Tmut           99%        N/A       0%          2
g - Dazzling Flash        Conj/Hex       100%       N/A       0%          3
h - Teleport Other        Tloc           99%        N/A       0%          3
i - Irradiate             Conj/Tmut      49%        3d28      1%          5
j - Lee's Rapid Deconstr  Erth           49%        3d23*     1%          5
k - Dispersal             Tloc           49%        N/A       1%          6
l - Haunt                 Necr/Summ      52%        N/A       1%          7
m - Enfeeble              Hex            49%        N/A       1%          7
n - Maxwell's Capacitive  Air            60%        ∞         4%          8
o - Dragon's Call         Summ           55%        N/A       6%          9
A - Animate Dead          Necr           99%        N/A       0%          4
Your spell library was empty.

Inventory:

Hand Weapons
 b - the +4 scimitar "Ephenk" (weapon) {drain, rPois rF- rC++ Int+4, long}
   (You found it on level 2 of the Swamp)

   Int+4:     It affects your intelligence (+4).
   rF-:       It makes you vulnerable to fire.
   rC++:      It greatly protects you from cold.
   rPois:     It protects you from poison
 t - the +3 lajatang of Frustration {freeze, rC+ Str+4, @e2staff}
   (You took it off a black draconian on level 2 of the Realm of Zot)

   Str+4:     It affects your strength (+4).
   rC+:       It protects you from cold.
 R - the +7 orcbow "Tormentor" {speed, rElec rF+ Int+2 Stlth-}
   (You took it off a centaur warrior on level 15 of the Dungeon)

   Int+2:     It affects your intelligence (+2).
   rF+:       It protects you from fire.
   rElec:     It insulates you from electricity.
   Stlth-:    It makes you less stealthy.
Armour
 p - the +0 leather armour "Evoecvam" {Drain rC+ Dex+7}
   (You took it off an occultist on level 3 of the Depths)

   Dex+7:     It affects your dexterity (+7).
   rC+:       It protects you from cold.
   Drain:     It drains your maximum health when unequipped.
 C - a +2 hat of willpower (worn)
   (You took it off Gastronok on level 2 of the Lair of Beasts)
 D - a +2 cloak of stealth (worn)
   (You took it off a draconian shifter on level 2 of the Realm of Zot)
 F - a +3 troll leather armour (melded)
   (You found it on level 5 of the Lair of Beasts)
 M - the +8 faerie dragon scales {rCorr MP+2 Stlth+}
   (You took it off the Enchantress on level 2 of the Depths)

   MP+2:      It affects your magic capacity (+2).
   rCorr:     It protects you from acid and corrosion.
   Stlth+:    It makes you more stealthy.
 N - the +1 pair of gloves of Defiance (melded) {rN++}
   (You found it on level 4 of the Spider Nest)

   rN++:      It greatly protects you from negative energy.
 P - a +1 buckler of resistance (worn)
   (You took it off the Enchantress on level 2 of the Depths)
Jewellery
 i - the ring "Piybiwn" (left fist) {rC+ Will- rCorr AC+4 Str+3}
   (You found it on level 4 of the Swamp)

   [ring of protection]

   AC+4:      It affects your AC (+4).
   Str+3:     It affects your strength (+3).
   rC+:       It protects you from cold.
   Will-:     It decreases your willpower.
   rCorr:     It protects you from acid and corrosion.
 k - a ring of willpower
   (You found it on level 2 of the Dungeon)
 v - an amulet of reflection
   (You found it in an ice cave)
 E - the ring of Konymeukh {Ice Dex+3}
   (You found it on level 3 of the Elven Halls)

   [ring of ice]

   Ice:       It enhances your ice magic.
   Dex+3:     It affects your dexterity (+3).
   rF-:       It makes you vulnerable to fire.
   rC+:       It protects you from cold.
 I - the ring of the Twisting Gods (right fist) {+Blink Will+ Int+3 Dex+6}
   (You bought it in a shop on level 2 of the Orcish Mines)

   [ring of dexterity]

   Int+3:     It affects your intelligence (+3).
   Dex+6:     It affects your dexterity (+6).
   Will+:     It increases your willpower.
   +Blink:    It lets you blink.
 S - a +4 ring of protection
   (You took it off a tengu reaver on level 15 of the Dungeon)
 U - the amulet of the Air (around neck) {Inacc Air Fly rElec RMsl}
   (You bought it in a shop on level 1 of the Elven Halls)

   [amulet of nothing]

   Inacc:     It reduces the accuracy of your attacks and spells.
   Air:       It enhances your air magic.
   rElec:     It insulates you from electricity.
   Fly:       It grants you flight.
   RMsl:      It protects you from missiles.
Talismans
 l - the granite talisman of Hiaci (active) {rCorr Str+3 Dex+4}
   (You found it on level 1 of the Vaults)

   [granite talisman]

   Str+3:     It affects your strength (+3).
   Dex+4:     It affects your dexterity (+4).
   rCorr:     It protects you from acid and corrosion.
Scrolls
 c - 2 scrolls of teleportation {@r4}
 d - 8 scrolls of identify {@r1}
 e - 8 scrolls of fog
 f - 6 scrolls of immolation {!r!r}
 h - a scroll of silence {!r}
 j - 6 scrolls of fear
 o - 8 scrolls of enchant weapon
 q - 7 scrolls of vulnerability {!r!r}
 x - 11 scrolls of blinking {!r}
 G - 6 scrolls of poison
 J - 3 scrolls of torment {!r}
Potions
 a - 10 potions of enlightenment
 g - 6 potions of resistance
 m - a potion of mutation {!q}
 r - 8 potions of ambrosia
 u - 10 potions of heal wounds {@q2}
 w - 5 potions of might
 z - 9 potions of curing {@q1}
 A - 6 potions of brilliance
 B - 4 potions of lignification {!q}
 H - 9 potions of haste {@q3}
 O - a potion of cancellation
 T - a potion of invisibility

Dungeon Overview and Level Annotations

Branches:
Dungeon (15/15)            Temple (0/1) D:5            Lair (5/5) D:8
  Swamp (4/4) Lair:2       Spider (4/4) Lair:3        Slime (5/5) Lair:4
    Orc (2/2) D:11            Elf (3/3) Orc:2        Vaults (4/5) D:14
  Crypt (0/3) Vaults:3     Depths (4/4) D:15            Zot (5/5) Depths:4
 Bailey (visited)           IceCv (visited)         Volcano (visited)

Altars:
Ashenzari
Elyvilon
Fedhas
Makhleb
Ru
Wu Jian
The Shining One
Jiyva

Shops:
D:10 *   Orc:2 !(=(   Elf:1 =(*   Vaults:1 =   Vaults:4 [

Portals:
Hell: Depths:1 Depths:2 Depths:3 Depths:4
Abyss: Depths:3
Pandemonium: Depths:1 Depths:2 Depths:3
Ziggurat: Depths:2

Annotations:
D:3 2 transporters, Armakuni's ghost, amateur HuWn
D:4 3 runed translucent doors, PanSaczeczos's ghost, amateur MfBr; bmj180's ghost, amateur HuCj
D:5 Dowan
D:6 exclusion: 2 doors
D:9 Joseph
Lair:2 exclusion: oklob plant
Lair:5 1 runed translucent door, exclusion: oklob plant, Obroguc's ghost, journeyman DsEn
Elf:2 3 runed translucent doors
Zot:5 exclusion: 2 upstairs

.....# #.#...#..# .....#
#.#.#.#..# .....###.#.#.#..#
.....##.........#
.....##.######### .....##.#
#.#####.# ..†..##.# ♣♣♣♣♣♣♣♣♣
#..#.##.# ♣8......♣ ...#.##.#
###♣.PPPPP.♣ ##### ........#
#....P~~~P.♣#####...#
##.#.########.#♣.P≈8~P.♣...##.#.#
##.#.# #....#♣.P~~~P.♣##....#..
.....# #.....♣.PPPPP.♣....#####
###### #...##♣.......♣##....#..
)..# ##.###♣♣♣♣♣♣♣♣♣##.##...#
...# ##...## #..........)#


There were no monsters in sight!


Message History

Your quicksilver dragon claws something but does no damage.
Your ice dragon barely misses something.
Your ice dragon claws something but does no damage.
Your ice dragon tramples something but does no damage.
You fly upwards.
Your summoned allies are left behind.
Level annotation: exclusion: 2 doors Reactivating autopickup.
There is a stone staircase leading down here.
Unknown command. 😕 HP[+2]
You regained 2 hp, and now have 224/239 hp.
A ynoxinul comes into view. 😕 HP[+7]
You regained 7 hp, and now have 231/239 hp.
Casting: Dragon's Call (dangerous; 6% risk of failure)
Confirm with . or Enter, or press ? or * to list all spells.
You feel a surge of power!
You begin accumulating electric charge. (Press . to continue charging.)
You feel charge building up...
A dragon arrives to answer your call! x2
Your quicksilver dragon bites the ynoxinul!!
Your quicksilver dragon claws the ynoxinul!
Your storm dragon breathes lightning at the ynoxinul.
The bolt of lightning hits the ynoxinul!
The ynoxinul resists.
The ynoxinul dies! 😕 HP[-11]
You take 11 damage, and now have 220/239 hp.
Unknown command.
You feel charge building up... 😕 HP[+1]
Your charge dissipates without a target. 😕 HP[+1]
You swap places. 😕 HP[+1]
You swap places. 😕 HP[+1] 😕 HP[+1] 😕 HP[+1] 😕 HP[+1]
Your quicksilver dragon disappears in a puff of smoke! 😕 HP[+1] 😕 HP[+1] 😕 HP[+1] 😕 HP[+1]
There is a stone staircase leading up here.
You fly upwards.
Your summoned ally is left behind.
Level annotation: Dowan; Duvessa A dragon arrives to answer your call! x2
The roar of the dragon horde subsides.
Your storm dragon bites Duvessa!
Your storm dragon claws Duvessa but does no damage.
Your storm dragon tramples Duvessa!
Duvessa holds her ground!
You block Duvessa's attack.
Your golden dragon bites Duvessa!
Your golden dragon claws Duvessa but does no damage.
Your golden dragon tramples Duvessa.
Duvessa holds her ground!
Duvessa dies!
You hear a distant wail of despair.
There is a stone staircase leading down here. 😕 HP[-5]
You take 5 damage, and now have 226/239 hp.
What level of the Dungeon? (default 6, ? - help)
There is a stone staircase leading up here.
You fly upwards.
Your summoned ally is left behind.
Level annotation: 3 runed translucent doors, PanSaczeczos's ghost, amateur MfBr; bmj180's ghost, amateur HuCj
There is a stone staircase leading down here.
You can once more reach out to the dragon horde.
There is a stone staircase leading up here.
You fly upwards.
Level annotation: 2 transporters, Armakuni's ghost, amateur HuWn
There is a stone staircase leading down here.
There is a stone staircase leading up here.
You fly upwards.
There is a stone staircase leading down here.
A sixfirhy comes into view.
There is a stone staircase leading up here. 😎 HP[+13]
Your hp is fully restored (239).
The sixfirhy completely misses you. You block the sixfirhy's attack.
You redirect the sixfirhy's attack!
The sixfirhy hits itself!
The sixfirhy completely misses you.
Unknown command.
You completely miss the sixfirhy. You block the sixfirhy's attack.
The sixfirhy misses you. The sixfirhy closely misses you.
You barely miss the sixfirhy. The sixfirhy completely misses you.
You block the sixfirhy's attack. The sixfirhy completely misses you. x2
The sixfirhy hits you but does no damage.
The sixfirhy is very cold.
The sixfirhy hits you but does no damage.
The sixfirhy is very cold.
You closely miss the sixfirhy. The sixfirhy completely misses you. x2
You cut the sixfirhy into ribbons!!!
You kill the sixfirhy!
No target in view!
No target in view!
What level of the Dungeon? (default 1, ? - help)
There is a stone staircase leading up here.
You fly upwards.
There is a stone staircase leading down here.
There is a staircase leading out of the dungeon here.
You have escaped!

Skill      XL: |  1  2  3  4  5  6  7  8  9 10 11 12 13 14 15 16 17 18 19 20 21 22 23 24 25 26 |
---------------+-------------------------------------------------------------------------------+-----
Spellcasting   | 4 5 6 7 8 10 11 12 14 15 16 17 18 19 | 19.0
Conjurations   | 4 5 6 7 8 10 11 12 14 15 16 17 18 19 | 19.0
Hexes          | 4 5 6 7 8 10 11 12 14 15 16 17 18 19 | 19.0
Summonings     | 4 5 6 7 9 12 15 18 19 20 21 23 24 25 | 25.0
Necromancy     | 4 5 6 7 8 10 11 12 14 15 16 17 18 19 | 19.0
Translocations | 4 5 6 7 8 10 11 12 14 15 16 17 18 19 | 19.0
Transmutations | 4 5 6 7 8 10 11 12 14 15 16 17 18 19 | 19.0
Fire Magic     | 4 5 6 7 8 10 11 12 14 15 16 17 18 19 | 19.0
Ice Magic      | 4 5 6 7 8 10 11 12 14 15 16 17 18 19 | 19.0
Air Magic      | 4 5 6 7 8 10 11 12 14 15 16 17 18 19 | 19.0
Earth Magic    | 4 5 6 7 8 10 11 12 14 15 16 17 18 19 | 19.0
Poison Magic   | 4 5 6 7 8 10 11 12 14 15 16 17 18 19 | 19.0
Fighting       | 2 5 6 8 10 12 14 16 17 22 | 22.0
Dodging        | 5 8 10 12 14 17 20 22 | 22.3
Evocations     | 3 0 |  0.0
Polearms       | 5 11 13 14 | 14.0
Stealth        | 3 |  3.0
Ranged Weapons | 3 10 13 16 | 16.0
Shapeshifting  | 8 13 16 | 16.0
Shields        | 3 7 |  7.0

Action                     |  1- 3 |  4- 6 |  7- 9 | 10-12 | 13-15 | 16-18 | 19-21 | 22-24 | 25-27 || total
---------------------------+-------+-------+-------+-------+-------+-------+-------+-------+-------++-------
  Melee: Dagger            |     4 |    14 |   109 |    99 |       |       |       |       |       ||   226
         Punch             |       |     1 |     1 |     3 |     4 |       |       |       |       ||     9
         Trident           |       |       |       |   236 |   797 |   160 |       |       |       ||  1193
         Orcbow            |       |       |       |       |       |       |     1 |       |       ||     1
         Scimitar          |       |       |       |       |       |       |       |     3 |    26 ||    29
         Headbutt          |       |       |       |       |       |       |       |     1 |     3 ||     4
   Fire: Orcbow            |       |       |       |       |       |   517 |   829 |  1069 |       ||  2415
   Cast: Necrotise         |    63 |   142 |   109 |    46 |    24 |       |       |       |       ||   384
         Freeze            |       |    22 |     9 |       |       |       |       |       |       ||    31
         Vampiric Draining |       |     9 |    86 |    68 |    96 |    16 |       |       |       ||   275
         Animate Dead      |       |       |     6 |    12 |    12 |     8 |     6 |     5 |       ||    49
         Teleport Other    |       |       |    11 |     8 |    13 |     7 |       |       |       ||    39
         Wereblood         |       |       |     1 |       |    21 |     2 |       |       |       ||    24
         Irradiate         |       |       |       |    36 |    48 |    31 |     6 |    38 |     3 ||   162
         Lee's Rapid Decon |       |       |       |       |    31 |    85 |       |       |       ||   116
         Dispersal         |       |       |       |       |     1 |       |     7 |     7 |     6 ||    21
         Plasma Beam       |       |       |       |       |       |   250 |   106 |   185 |       ||   541
         Haunt             |       |       |       |       |       |       |    41 |    66 |       ||   107
         Enfeeble          |       |       |       |       |       |       |     2 |     3 |       ||     5
         Maxwell's Capacit |       |       |       |       |       |       |       |    61 |   195 ||   256
         Dragon's Call     |       |       |       |       |       |       |       |       |    27 ||    27
 Invoke: Sacrifice Experie |       |     1 |       |       |       |       |       |       |       ||     1
         Draw Out Power    |       |       |     2 |     2 |     3 |     2 |     1 |     3 |     1 ||    14
         Sacrifice Courage |       |       |     1 |       |       |       |       |       |       ||     1
         Apocalypse        |       |       |       |     9 |     5 |     8 |     4 |     5 |     1 ||    32
         Sacrifice Artific |       |       |       |     1 |       |       |       |       |       ||     1
         Sacrifice Durabil |       |       |       |     1 |       |       |       |       |       ||     1
  Evoke: Wand              |       |     1 |     8 |     8 |       |       |       |       |       ||    17
    Use: Scroll            |     3 |     5 |    14 |    11 |     6 |     4 |     4 |     7 |    10 ||    64
         Potion            |       |       |     2 |     5 |       |       |     3 |     2 |     9 ||    21
   Stab: Sleeping          |     1 |       |       |     2 |     5 |       |       |       |       ||     8
         Distracted        |       |       |     2 |     4 |    13 |     4 |       |       |       ||    23
         Paralysed         |       |       |       |    35 |    19 |     1 |       |       |       ||    55
         Invisible         |       |       |       |     7 |     2 |     1 |       |       |       ||    10
         Petrified         |       |       |       |       |     1 |       |       |       |       ||     1
 Armour: Robe              |     7 |       |       |       |       |       |       |       |       ||     7
         Leather armour    |     6 |    71 |   168 |   226 |   312 |   114 |       |       |       ||   897
         Troll leather arm |       |       |       |       |       |   139 |   148 |   110 |       ||   397
         Skin              |       |       |       |       |       |       |       |   369 |   160 ||   529
  Dodge: Dodged            |    17 |    55 |   151 |   245 |   437 |   440 |   238 |   705 |   293 ||  2581
         Repelled          |       |       |       |       |       |       |       |    28 |    16 ||    44
  Block: Other             |       |       |       |    30 |    34 |    42 |    53 |    13 |       ||   172
         Reflection        |       |       |       |     2 |       |     1 |     5 |     4 |       ||    12
         Buckler           |       |       |       |       |       |       |       |    13 |    82 ||    95
   Form: Statue            |       |       |       |       |       |       |       |     3 |       ||     3
                           |       |       |       |       |       |       |       |     2 |       ||     2

Levels and vault maps discovered:
D:1:      tarquinn_simple_flora_water_a, layout_loops_cross
D:2:      layout_loops_corners, grunt_ministairs_9
D:3:      layout_rooms, mainiacjoe_overflow_divided_tiny,
          gammafunk_ghost_mausoleum
D:4:      layout_layer_cave, gammafunk_ghost_cemetery,
          serial_library_hellmonk_open_cross, minmay_misc_feat_x
D:5:      layout_loops_cross, minmay_temple_entry_tees,
          hangedman_decor_peaks_small, kennysheep_generic_room_13, uniq_ijyb,
          uniq_duvessa
D:6:      layout_loops_cross, kennysheep_small_spiral,
          dreamdust_princess_bridge, amethyst_killhole, hangedman_decor_points,
          minivault_25
D:7:      layout_layer_cave, kennysheep_flooded_box, minmay_manual_moon,
          uniq_menkaure
D:8:      layout_basic, lair_entry_dummy, enter_bailey_3
D:9:      layout_cave_pods, uniq_erica, uniq_joseph
D:10:     layout_basic, kennysheep_orc_sif_temple, serial_shops,
          nicolae_shop_hallway_stairs, uniq_psyche
D:11:     layout_cave_pods, minmay_orc_entry_guard_dogs, portal_ice_cave_rime
D:12:     layout_long_grid, uniq_azrael, uniq_nessos
D:13:     layout_loops_ring, uniq_snorg
D:14:     layout_loops_ring, ximxim_vaults_locker_room, fountainhead
D:15:     hangedman_slaughterboxes, serial_shops
Lair:1:   layout_hall_layers, st_stairs_13, beast_lair_carwin_4,
          grunt_megastairs_1
Lair:2:   layout_small_grid, minmay_swamp_entry_worms, enter_volcano_3,
          nicolae_lair_lil_pond, tgw_fedhas, uniq_gastronok
Lair:3:   layout_chaotic_city, hellmonk_spider_entry_life_and_decay,
          infiniplex_staircase_pool, grunt_megastairs_5
Lair:4:   layout_small_grid, dpeg_slime_entry_corner, minmay_lair_drake_nest
Lair:5:   grunt_lair_end_beastmaster, layout_layer_cave, gammafunk_ghost_grave,
          minmay_lair_oklob_bushes, serial_bayou_shore_a, serial_bayou_shore_b,
          lemuel_fruit_tree, lemuel_fruit_fields, uniq_rupert
Swamp:1:  layout_basic_swamp, evilmike_swamp_ruin_house_1, swamp_pool_1_2
Swamp:2:  layout_basic_swamp, serial_swamp_ruin, evilmike_swamp_ruin_rubble_1,
          evilmike_swamp_ruin_house_3, evilmike_swamp_ruin_house_4, swamp_pool_5
Swamp:3:  layout_basic_swamp, nicolae_swamp_some_circles, swamp_pool_1_2,
          nicolae_swamp_feature_on_the_river_bank
Swamp:4:  swamp_pestilence, layout_basic_swamp
Spider:1: nicolae_spider_broodchamber, drop_trap,
          hellmonk_deceptive_appearances, uniq_nikola
Spider:2: layout_spider_delve, einodemon_crawler_minivault, uniq_donald
Spider:3: layout_spider_delve, nicolae_arachne_temple,
          hangedman_spider_tarantella_strand, uniq_aizul, uniq_arachne
Spider:4: spider_rune_water
Slime:1:  layout_caves
Slime:2:  layout_caves, nicolae_slime_phagocytosis
Slime:3:  layout_caves, nicolae_slime_rock_hall_of_fame
Slime:4:  layout_caves, special_room [special_room_jelly]
Slime:5:  slime_pit
Orc:1:    layout_diamond_mine
Orc:2:    st_orc_elflike, layout_caves
Elf:1:    eino_elf_arrival_sip, layout_geoelf_grid, serial_shops, shop,
          shop_statue, nicolae_shop_overgrown_old_shop,
          hangedman_corner_corridor, onia_ninara_cookie, uniq_louise
Elf:2:    nicolae_elf_blades_crystal_corner, layout_loops_cross,
          corexii_hall_statues_s
Elf:3:    minmay_elf_hall_hex, layout_onion_city, uniq_roxanne
Vaults:1: vaults_room_door_ring, nicolae_vaults_diamond_1,
          vaults_room_door_ring, nicolae_vaults_lopsided_apartments,
          not_door_vault_mu, vaults_standard_mumra_enter_the_diamond,
          v_alt_pattern_6, nicolae_vaults_closet_pinwheel_5,
          grunt_vaults_hallway_short, nicolae_vaults_big_angled_halls,
          nicolae_vaults_double_plus_2, grunt_vaults_bifocal,
          layout_vaults_maze_bifur, serial_shops, nicolae_shop_gaudy_bauble
Vaults:2: nicolae_vaults_enemy_cabinets, ontoclasm_vaults_chip,
          nicolae_vaults_spaceships, hangedman_vaults_cutoff,
          nicolae_vaults_specimen_jars, ontoclasm_vaults_spin,
          grunt_vaults_funnel, hangedman_vaults_stream,
          ontoclasm_vaults_loading_screen, grunt_vaults_hallway_short,
          nicolae_vaults_layer_cake_slice, nicolae_vaults_double_plus_1,
          nicolae_vaults_double_plus_1, layout_vaults_ring
Vaults:3: nicolae_vaults_security_offices_1, blue_anna_dwarven_crypt,
          nicolae_vaults_network_periphery, vaults_dpeg_diagonal,
          ontoclasm_vaults_decontamination, ontoclasm_vaults_gateway,
          hangedman_vaults_stitches, nicolae_vaults_more_shelving_2,
          ontoclasm_vaults_fault, nicolae_vaults_little_ls, vaults_dpeg_cross,
          vaults_room_ringed_pool, vaults_room_hallway,
          nicolae_vaults_little_squares_6, layout_vaults_omnibox
Vaults:4: v_misc_26, nicolae_vaults_offset_grid_hallway_4,
          nicolae_vaults_shock_wave, nicolae_vaults_trapezoid_layered,
          serial_ice_h, grunt_vaults_hallway_long, nicolae_vaults_double_plus_1,
          v_misc_14, layout_vaults_omnigrid, serial_shops, shop_statue
Depths:1: layout_honeycomb, pf_hell_entry_tar_spiral, rand_demon_pan_entry_7,
          elyvilon_altar_3
Depths:2: gold_lair_mu, layout_honeycomb, enter_ziggurat_c,
          chequers_serial_rivers_room_b, rand_demon_pan_entry_4, hell_entry,
          kennysheep_cross_room, infiniplex_staircase_zigzag_4, uniq_enchantress
Depths:3: grunt_bent_corner, layout_long_grid, hangedman_abyss_entry_splay,
          grunt_pan_entry_spiral, hell_entry, minmay_fire_ice_demons
Depths:4: evilmike_zot_entry_basic, layout_gridlike, hell_entry
Zot:1:    layout_concentric_octagons, st_large_dragon_hoard_4
Zot:2:    layout_cathedral_of_symmetry, regret_index_zotdec_banners
Zot:3:    kennysheep_blocky_room, layout_cathedral_of_symmetry,
          regret_index_zotdec_icy_dp, nicolae_diode_intersection, uniq_parghit,
          uniq_tiamat
Zot:4:    layout_concentric_octagons, uniq_vv
Zot:5:    layout_twisted_circle

Notes
Turn   | Place    | Note
-------+----------+-------------------------------------------
     0 | D:1      | MackTheKnife the Djinni Necromancer began the quest for the
                  | Orb.
     0 | D:1      | MackTheKnife set off with the following spells memorised:
                  | Necrotise, Vampiric Draining, Animate Dead, Agony.
     0 | D:1      | Reached XP level 1. HP: 15/15 MP: 0/0
     0 | D:1      | magus.rc [v1.9.6]
    83 | D:1      | Reached XP level 2. HP: 15/21 MP: 0/0
   362 | D:1      | Reached XP level 3. HP: 23/25 MP: 0/0
   362 | D:1      | Learned a level 1 spell: Freeze
   569 | D:1      | Reached skill level 4 in Spellcasting
   569 | D:1      | Reached skill level 4 in Conjurations
   569 | D:1      | Reached skill level 4 in Hexes
   569 | D:1      | Reached skill level 4 in Summonings
   569 | D:1      | Reached skill level 4 in Necromancy
   569 | D:1      | Reached skill level 4 in Translocations
   569 | D:1      | Reached skill level 4 in Transmutations
   569 | D:1      | Reached skill level 4 in Fire Magic
   569 | D:1      | Reached skill level 4 in Ice Magic
   569 | D:1      | Reached skill level 4 in Air Magic
   569 | D:1      | Reached skill level 4 in Earth Magic
   569 | D:1      | Reached skill level 4 in Poison Magic
  1331 | D:2      | Reached XP level 4. HP: 30/31 MP: 0/0
  1652 | D:2      | Reached skill level 1 in Fighting
  1947 | D:2      | Reached skill level 2 in Fighting
  1947 | D:2      | Reached XP level 5. HP: 36/38 MP: 0/0
  1947 | D:2      | Learned a level 2 spell: Wereblood
  2123 | D:3      | Found a glowing golden altar of the Shining One.
  2131 | D:3      | Found a sacrificial altar of Ru.
  2159 | D:3      | Became a worshipper of Ru the Awakened
  2586 | D:3      | Found a transporter.
  2588 | D:3      | Noticed Armakuni's ghost (amateur HuWn)
  2616 | D:3      | Found a transporter.
  2705 | D:4      | Reached XP level 6. HP: 42/45 MP: 0/0
  2772 | D:4      | Reached skill level 3 in Fighting
  2845 | D:4      | Found a runed translucent gate.
  2846 | D:4      | Found a runed translucent gate.
  2848 | D:4      | Found a runed translucent gate.
  2849 | D:4      | Noticed PanSaczeczos's ghost (amateur MfBr)
  2849 | D:4      | Noticed bmj180's ghost (amateur HuCj)
  3037 | D:4      | Noticed a black bear
  3046 | D:5      | Entered Level 5 of the Dungeon
  3064 | D:5      | Noticed an ogre
  3071 | D:5      | Killed an ogre
  3072 | D:5      | Reached skill level 5 in Spellcasting
  3072 | D:5      | Reached skill level 5 in Conjurations
  3072 | D:5      | Reached skill level 5 in Hexes
  3072 | D:5      | Reached skill level 5 in Summonings
  3072 | D:5      | Reached skill level 5 in Necromancy
  3072 | D:5      | Reached skill level 5 in Translocations
  3072 | D:5      | Reached skill level 5 in Transmutations
  3072 | D:5      | Reached skill level 5 in Fire Magic
  3072 | D:5      | Reached skill level 5 in Ice Magic
  3072 | D:5      | Reached skill level 5 in Air Magic
  3072 | D:5      | Reached skill level 5 in Earth Magic
  3072 | D:5      | Reached skill level 5 in Poison Magic
  3091 | D:5      | Found a staircase to the Ecumenical Temple.
  3133 | D:5      | Noticed Duvessa
  3273 | D:4      | Gained mutation: You are somewhat inexperienced. (-1 XL)
                  | [Ru sacrifice]
  3273 | D:4      | Reached XP level 5. HP: 41/41 MP: 0/0
  3273 | D:4      | Reached * piety under Ru
  3273 | D:4      | Reached ** piety under Ru
  3352 | D:4      | Reached XP level 6. HP: 29/47 MP: 0/0
  3428 | D:4      | Reached skill level 4 in Fighting
  3857 | D:5      | Reached skill level 5 in Fighting
  3998 | D:5      | Noticed a water moccasin
  4101 | D:5      | Reached XP level 7. HP: 23/54 MP: 0/0
  4101 | D:5      | Learned a level 3 spell: Dazzling Flash
  4348 | D:5      | Noticed Ijyb
  4357 | D:5      | Killed Ijyb
  4775 | D:5      | Reached skill level 6 in Spellcasting
  4775 | D:5      | Reached skill level 6 in Conjurations
  4775 | D:5      | Reached skill level 6 in Hexes
  4775 | D:5      | Reached skill level 6 in Summonings
  4775 | D:5      | Reached skill level 6 in Necromancy
  4775 | D:5      | Reached skill level 6 in Translocations
  4775 | D:5      | Reached skill level 6 in Transmutations
  4775 | D:5      | Reached skill level 6 in Fire Magic
  4775 | D:5      | Reached skill level 6 in Ice Magic
  4775 | D:5      | Reached skill level 6 in Air Magic
  4775 | D:5      | Reached skill level 6 in Earth Magic
  4775 | D:5      | Reached skill level 6 in Poison Magic
  4929 | D:6      | Reached skill level 6 in Fighting
  5121 | D:5      | Noticed Dowan
  5632 | D:5      | HP: 13/57 [wight/+2 falchion of freezing (6)]
  5634 | D:5      | HP: 6/57 [wight/+2 falchion of freezing (1)]
  6037 | D:7      | Reached XP level 8. HP: 62/62 MP: 0/0
  6041 | D:7      | Reached skill level 7 in Fighting
  6167 | D:7      | Noticed Menkaure
  6180 | D:7      | Killed Menkaure
  6181 | D:7      | Reached skill level 7 in Spellcasting
  6181 | D:7      | Reached skill level 7 in Conjurations
  6181 | D:7      | Reached skill level 7 in Hexes
  6181 | D:7      | Reached skill level 7 in Summonings
  6181 | D:7      | Reached skill level 7 in Necromancy
  6181 | D:7      | Reached skill level 7 in Translocations
  6181 | D:7      | Reached skill level 7 in Transmutations
  6181 | D:7      | Reached skill level 7 in Fire Magic
  6181 | D:7      | Reached skill level 7 in Ice Magic
  6181 | D:7      | Reached skill level 7 in Air Magic
  6181 | D:7      | Reached skill level 7 in Earth Magic
  6181 | D:7      | Reached skill level 7 in Poison Magic
  6569 | D:7      | Reached skill level 3 in Dodging
  6575 | D:7      | Reached skill level 8 in Fighting
  6674 | D:7      | Gained mutation: Your cowardice makes you less effective in
                  | combat with threatening foes. [Ru sacrifice]
  6674 | D:7      | Reached *** piety under Ru
  6767 | D:7      | Reached skill level 4 in Dodging
  7374 | D:8      | Found a flagged portal.
  7453 | Bailey   | Entered a bailey
  7463 | Bailey   | Reached skill level 5 in Dodging
  7466 | Bailey   | Reached XP level 9. HP: 70/71 MP: 0/0
  7466 | Bailey   | Learned a level 3 spell: Teleport Other
  7474 | Bailey   | Reached skill level 9 in Fighting
  7482 | Bailey   | Reached skill level 6 in Dodging
  7571 | Bailey   | Reached skill level 7 in Dodging
  7583 | Bailey   | Noticed Prince Ribbit
  7585 | Bailey   | Noticed a vault guard
  7600 | Bailey   | Killed Prince Ribbit
  7601 | Bailey   | Reached skill level 10 in Fighting
  7610 | Bailey   | HP: 14/70 [vault guard/+0 broad axe (17)]
  7617 | Bailey   | Killed a vault guard
  7819 | Bailey   | Noticed a vault guard
  7995 | D:8      | Reached skill level 8 in Dodging
  8295 | D:8      | Reached skill level 1 in Evocations
  8536 | D:8      | Reached skill level 2 in Evocations
  8634 | D:8      | Found a staircase to the Lair.
  8686 | D:8      | Reached skill level 3 in Evocations
  8686 | D:8      | Reached XP level 10. HP: 59/81 MP: 0/0
  8909 | D:9      | Noticed a two-headed ogre
  8921 | D:9      | Killed a two-headed ogre
  8922 | D:9      | Reached skill level 4 in Evocations
  8970 | D:9      | Noticed Joseph
  9469 | D:9      | Noticed Erica
  9551 | D:9      | Noticed a two-headed ogre
  9562 | D:9      | Killed a two-headed ogre
  9563 | D:9      | Reached skill level 9 in Dodging
  9563 | D:9      | Reached skill level 8 in Summonings
  9722 | D:10     | Entered Level 10 of the Dungeon
  9849 | D:10     | Gained mutation: You cannot study or use magical devices.
                  | [Ru sacrifice]
  9849 | D:10     | Reduced skill Evocations to level 0
  9849 | D:10     | Reached **** piety under Ru
  9849 | D:10     | Reached ***** piety under Ru
 10059 | Lair:1   | Entered Level 1 of the Lair of Beasts
 10066 | Lair:1   | Noticed a death yak
 10066 | Lair:1   | Noticed a death yak
 10067 | Lair:1   | Noticed a death yak
 10067 | Lair:1   | Noticed a death yak
 10068 | Lair:1   | Noticed a death yak
 10077 | Lair:1   | Killed a death yak
 10077 | Lair:1   | HP: 6/71 [death yak (22)]
 10078 | Lair:1   | Reached skill level 8 in Spellcasting
 10078 | Lair:1   | Reached skill level 8 in Conjurations
 10078 | Lair:1   | Reached skill level 8 in Hexes
 10078 | Lair:1   | Reached skill level 8 in Necromancy
 10078 | Lair:1   | Reached skill level 8 in Translocations
 10078 | Lair:1   | Reached skill level 8 in Transmutations
 10078 | Lair:1   | Reached skill level 8 in Fire Magic
 10078 | Lair:1   | Reached skill level 8 in Ice Magic
 10078 | Lair:1   | Reached skill level 8 in Air Magic
 10078 | Lair:1   | Reached skill level 8 in Earth Magic
 10078 | Lair:1   | Reached skill level 8 in Poison Magic
 10528 | D:9      | Killed Erica
 10529 | D:9      | Reached skill level 10 in Dodging
 10529 | D:9      | Reached skill level 9 in Summonings
 10648 | D:10     | Noticed Psyche
 10734 | D:10     | Identified the +7 trident "Yhygh" {flame, rElec rCorr}
 10936 | D:10     | Reached skill level 1 in Polearms
 11030 | D:10     | Killed Psyche
 11031 | D:10     | Reached skill level 2 in Polearms
 11049 | D:10     | Found Fokujerr's General Store.
 11055 | D:10     | Bought a +0 helmet of see invisible for 138 gold pieces
 11060 | D:10     | Bought a scroll of teleportation for 36 gold pieces
 11060 | D:10     | Bought a potion of mutation for 96 gold pieces
 11060 | D:10     | Gained mutation: Your muscles are strong. (Str +4, Int/Dex
                  | -1) [potion of mutation]
 11193 | D:10     | Reached skill level 3 in Polearms
 11274 | D:10     | Reached skill level 4 in Polearms
 11684 | D:11     | Noticed a boulder beetle
 11900 | D:11     | Reached skill level 5 in Polearms
 11915 | D:11     | Reached XP level 11. HP: 53/86 MP: 0/0
 11915 | D:11     | Learned a level 5 spell: Irradiate
 11940 | D:11     | Noticed a two-headed ogre
 11952 | D:11     | Killed a two-headed ogre
 11953 | D:11     | Reached skill level 6 in Polearms
 12025 | D:11     | Killed a boulder beetle
 12026 | D:11     | Reached skill level 7 in Polearms
 12105 | D:11     | Found a frozen archway.
 12110 | D:11     | Reached skill level 8 in Polearms
 12149 | IceCv    | Entered an ice cave
 12302 | IceCv    | HP: 16/86 [white ugly thing (52)]
 12582 | D:11     | Noticed a two-headed ogre
 12591 | D:11     | Killed a two-headed ogre
 12592 | D:11     | Reached skill level 9 in Polearms
 12792 | D:11     | Found a staircase to the Orcish Mines.
 13276 | D:8      | Killed a death yak
 13277 | D:8      | Reached skill level 10 in Polearms
 13354 | Lair:1   | Killed a death yak
 13489 | D:8      | Killed a death yak
 13490 | D:8      | Reached skill level 11 in Polearms
 13566 | D:8      | Killed a death yak
 13639 | Lair:1   | HP: 10/86 [komodo dragon (6)]
 13969 | Lair:1   | Gained mutation: You cannot train Armour skill. [Ru
                  | sacrifice]
 13969 | Lair:1   | Reached ****** piety under Ru
 13991 | Lair:1   | Reached XP level 12. HP: 64/92 MP: 0/0
 14255 | Lair:1   | Reached skill level 12 in Polearms
 14643 | Lair:2   | Found a dark tunnel.
 14662 | Volcano  | Entered a volcano
 14862 | Volcano  | Reached skill level 11 in Fighting
 15197 | Volcano  | Identified the +2 pair of boots of Philately {Drain Str+4}
 15332 | Lair:2   | Noticed Gastronok
 15344 | Lair:2   | Killed Gastronok
 15345 | Lair:2   | Reached skill level 13 in Polearms
 15399 | Lair:2   | Noticed a catoblepas
 15583 | Lair:2   | Reached skill level 12 in Fighting
 15637 | Lair:2   | Killed a catoblepas
 15756 | Lair:2   | Found a blossoming altar of Fedhas.
 16219 | Lair:2   | Found a staircase to the Swamp.
 16622 | Lair:3   | Reached XP level 13. HP: 46/92 MP: 0/0
 16622 | Lair:3   | Learned a level 5 spell: Lee's Rapid Deconstruction
 16637 | Lair:3   | Lost mutation: Your muscles are strong. (Str +4, Int/Dex
                  | -1) [mutagenic glow]
 16953 | Lair:3   | Reached skill level 13 in Fighting
 17074 | Lair:3   | Identified a scroll of acquirement
 17074 | Lair:3   | Acquired 1080 gold pieces
 17080 | Lair:3   | Found a hole to the Spider Nest.
 17848 | Lair:4   | Reached skill level 14 in Fighting
 18036 | Lair:4   | Reached skill level 10 in Summonings
 18355 | Lair:4   | Identified the +0 chain mail of Alujozea {*Slow rPois
                  | Regen+ Dex+3}
 18703 | Lair:4   | Reached skill level 9 in Spellcasting
 18703 | Lair:4   | Reached skill level 9 in Conjurations
 18703 | Lair:4   | Reached skill level 9 in Hexes
 18703 | Lair:4   | Reached skill level 9 in Necromancy
 18703 | Lair:4   | Reached skill level 9 in Translocations
 18703 | Lair:4   | Reached skill level 9 in Transmutations
 18703 | Lair:4   | Reached skill level 9 in Fire Magic
 18703 | Lair:4   | Reached skill level 9 in Ice Magic
 18703 | Lair:4   | Reached skill level 9 in Air Magic
 18703 | Lair:4   | Reached skill level 9 in Earth Magic
 18703 | Lair:4   | Reached skill level 9 in Poison Magic
 18826 | Lair:4   | Found a viscous altar of Jiyva.
 18826 | Lair:4   | Found a staircase to the Slime Pits.
 19099 | Lair:5   | Entered Level 5 of the Lair of Beasts
 19099 | Lair:5   | Noticed Rupert
 19111 | Lair:5   | Killed Rupert
 19112 | Lair:5   | Reached skill level 11 in Summonings
 19247 | Lair:5   | Reached skill level 12 in Summonings
 19275 | Lair:5   | Reached skill level 10 in Spellcasting
 19275 | Lair:5   | Reached skill level 10 in Conjurations
 19275 | Lair:5   | Reached skill level 10 in Hexes
 19275 | Lair:5   | Reached skill level 10 in Necromancy
 19275 | Lair:5   | Reached skill level 10 in Translocations
 19275 | Lair:5   | Reached skill level 10 in Transmutations
 19275 | Lair:5   | Reached skill level 10 in Fire Magic
 19275 | Lair:5   | Reached skill level 10 in Ice Magic
 19275 | Lair:5   | Reached skill level 10 in Air Magic
 19275 | Lair:5   | Reached skill level 10 in Earth Magic
 19275 | Lair:5   | Reached skill level 10 in Poison Magic
 19473 | Lair:5   | Reached XP level 14. HP: 112/112 MP: 0/0
 20045 | Lair:5   | Your ally Rupert died
 20058 | Lair:5   | Reached skill level 11 in Dodging
 20221 | Lair:5   | Found a runed translucent door.
 20222 | Lair:5   | Noticed Obroguc's ghost (journeyman DsEn)
 20325 | Lair:5   | Reached skill level 14 in Polearms
 20336 | Lair:5   | Reached skill level 13 in Summonings
 20860 | Lair:5   | Reached skill level 12 in Dodging
 21286 | Orc:1    | Entered Level 1 of the Orcish Mines
 21426 | Orc:1    | Reached skill level 11 in Spellcasting
 21426 | Orc:1    | Reached skill level 11 in Conjurations
 21426 | Orc:1    | Reached skill level 11 in Hexes
 21426 | Orc:1    | Reached skill level 11 in Necromancy
 21426 | Orc:1    | Reached skill level 11 in Translocations
 21426 | Orc:1    | Reached skill level 11 in Transmutations
 21426 | Orc:1    | Reached skill level 11 in Fire Magic
 21426 | Orc:1    | Reached skill level 11 in Ice Magic
 21426 | Orc:1    | Reached skill level 11 in Air Magic
 21426 | Orc:1    | Reached skill level 11 in Earth Magic
 21426 | Orc:1    | Reached skill level 11 in Poison Magic
 21725 | Orc:1    | Reached skill level 14 in Summonings
 21858 | Orc:2    | Entered Level 2 of the Orcish Mines
 22305 | Orc:2    | Found a staircase to the Elven Halls.
 23532 | Orc:2    | Reached skill level 15 in Summonings
 23579 | Orc:2    | Found Ona Laygh's Antique Weapon Boutique.
 23584 | Orc:2    | Found Uhosadin's Weapon Emporium.
 23591 | Orc:2    | Found Ukheq's Distillery.
 23593 | Orc:2    | Found Atugubb's Jewellery Boutique.
 23599 | Orc:2    | Bought a potion of haste for 110 gold pieces
 23602 | Orc:2    | Bought the ring of the Twisting Gods {+Blink Will+ Int+3
                  | Dex+6} for 990 gold pieces
 23606 | Orc:2    | Bought a ring of protection from cold for 400 gold pieces
 23769 | D:12     | Reached XP level 15. HP: 86/103 MP: 0/0
 23769 | D:12     | Learned a level 6 spell: Dispersal
 23858 | D:12     | Reached skill level 12 in Spellcasting
 23858 | D:12     | Reached skill level 12 in Conjurations
 23858 | D:12     | Reached skill level 12 in Hexes
 23858 | D:12     | Reached skill level 12 in Necromancy
 23858 | D:12     | Reached skill level 12 in Translocations
 23858 | D:12     | Reached skill level 12 in Transmutations
 23858 | D:12     | Reached skill level 12 in Fire Magic
 23858 | D:12     | Reached skill level 12 in Ice Magic
 23858 | D:12     | Reached skill level 12 in Air Magic
 23858 | D:12     | Reached skill level 12 in Earth Magic
 23858 | D:12     | Reached skill level 12 in Poison Magic
 23974 | D:12     | Noticed Nessos
 23989 | D:12     | Killed Nessos
 24822 | D:12     | Noticed Azrael
 25207 | D:12     | magus.rc [v1.9.6]
 25246 | D:12     | Killed Azrael
 25780 | D:13     | Noticed Snorg
 25787 | D:13     | Killed Snorg
 26612 | D:14     | Reached skill level 13 in Dodging
 26804 | D:14     | Reached skill level 15 in Fighting
 27249 | D:14     | Found a gate to the Vaults.
 27422 | D:15     | Entered Level 15 of the Dungeon
 27667 | D:15     | Reached skill level 14 in Dodging
 27947 | D:15     | Reached skill level 16 in Fighting
 28035 | D:15     | Reached skill level 2 in Stealth
 28037 | D:15     | Reached skill level 3 in Stealth
 28037 | D:15     | Reached XP level 16. HP: 68/128 MP: 0/0
 28329 | D:15     | Found a staircase to the Depths.
 28391 | D:15     | Found an ornate altar of the Wu Jian Council.
 28393 | D:15     | Found a burning altar of Makhleb.
 28857 | D:15     | Noticed a storm dragon
 28868 | D:15     | Killed a storm dragon
 28869 | D:15     | Reached skill level 16 in Summonings
 29428 | D:15     | Reached skill level 13 in Spellcasting
 29428 | D:15     | Reached skill level 13 in Conjurations
 29428 | D:15     | Reached skill level 13 in Hexes
 29428 | D:15     | Reached skill level 13 in Necromancy
 29428 | D:15     | Reached skill level 13 in Translocations
 29428 | D:15     | Reached skill level 13 in Transmutations
 29428 | D:15     | Reached skill level 13 in Fire Magic
 29428 | D:15     | Reached skill level 13 in Ice Magic
 29428 | D:15     | Reached skill level 13 in Air Magic
 29428 | D:15     | Reached skill level 13 in Earth Magic
 29428 | D:15     | Reached skill level 13 in Poison Magic
 29869 | D:15     | Reached skill level 17 in Summonings
 30451 | D:15     | Identified the +7 orcbow "Tormentor" {speed, rElec rF+
                  | Int+2 Stlth-}
 30499 | D:15     | Noticed a tengu reaver
 30506 | D:15     | Killed a tengu reaver
 30700 | D:15     | Reached skill level 18 in Summonings
 30721 | D:15     | Identified the +8 trident of Wole {antimagic, rF+ Will+
                  | Str-5 Dex+2}
 30721 | D:15     | a deep elf zephyrmancer comes into view. It is wielding the
                  | +8 trident of Wole {antimagic, rF+ Will+ Str-5 Dex+2} and
                  | wearing the ring of Shadows {Umbra +Inv Stlth+}.
 30727 | D:15     | Reached skill level 14 in Spellcasting
 30727 | D:15     | Reached skill level 14 in Conjurations
 30727 | D:15     | Reached skill level 14 in Hexes
 30727 | D:15     | Reached skill level 14 in Necromancy
 30727 | D:15     | Reached skill level 14 in Translocations
 30727 | D:15     | Reached skill level 14 in Transmutations
 30727 | D:15     | Reached skill level 14 in Fire Magic
 30727 | D:15     | Reached skill level 14 in Ice Magic
 30727 | D:15     | Reached skill level 14 in Air Magic
 30727 | D:15     | Reached skill level 14 in Earth Magic
 30727 | D:15     | Reached skill level 14 in Poison Magic
 31351 | Swamp:1  | Entered Level 1 of the Swamp
 31355 | Swamp:1  | Reached skill level 1 in Ranged Weapons
 31359 | Swamp:1  | Reached skill level 2 in Ranged Weapons
 31383 | Swamp:1  | Reached skill level 3 in Ranged Weapons
 31461 | Swamp:1  | Reached XP level 17. HP: 61/131 MP: 0/0
 31461 | Swamp:1  | Learned a level 6 spell: Plasma Beam
 32108 | Swamp:2  | Reached skill level 4 in Ranged Weapons
 32290 | Swamp:2  | Identified the +4 scimitar "Ephenk" {drain, rPois rF- rC++
                  | Int+4}
 32377 | Swamp:2  | Reached skill level 5 in Ranged Weapons
 32791 | Swamp:2  | magus.rc [v1.9.6]
 32808 | Swamp:3  | Reached skill level 6 in Ranged Weapons
 33014 | Swamp:3  | Reached skill level 7 in Ranged Weapons
 33187 | Swamp:3  | Found a broken altar of Ashenzari.
 33535 | Swamp:4  | Entered Level 4 of the Swamp
 33686 | Swamp:4  | Reached skill level 8 in Ranged Weapons
 33880 | Swamp:4  | Reached skill level 9 in Ranged Weapons
 33960 | Swamp:4  | Identified the ring "Piybiwn" {rC+ Will- rCorr AC+4 Str+3}
 34170 | Swamp:4  | Noticed a bone dragon
 34187 | Swamp:4  | Killed a bone dragon
 34286 | Swamp:4  | Reached skill level 10 in Ranged Weapons
 34305 | Swamp:4  | Got a decaying rune of Zot
 34664 | Spider:1 | Entered Level 1 of the Spider Nest
 34664 | Spider:1 | Noticed Nikola
 34673 | Lair:3   | Killed Nikola
 34800 | Spider:1 | Reached XP level 18. HP: 98/126 MP: 0/0
 34924 | Spider:1 | Reached skill level 11 in Ranged Weapons
 35128 | Spider:1 | You are sucked into a shaft and drop 1 floor!
 35330 | Spider:2 | Noticed Donald
 35336 | Spider:2 | Killed Donald
 35577 | Spider:2 | Reached skill level 12 in Ranged Weapons
 36327 | Spider:3 | Reached skill level 13 in Ranged Weapons
 36533 | Spider:3 | Identified the serpent talisman "Haloiw" {Str+5}
 36533 | Spider:3 | Noticed Aizul
 36547 | Spider:3 | Killed Aizul
 36797 | Spider:3 | Noticed Arachne
 36802 | Spider:3 | Killed Arachne
 36847 | Spider:3 | Reached XP level 19. HP: 116/136 MP: 0/0
 36847 | Spider:3 | Learned a level 7 spell: Haunt
 36874 | Spider:3 | Reached skill level 14 in Ranged Weapons
 37323 | Spider:4 | Entered Level 4 of the Spider Nest
 37757 | Spider:4 | Reached skill level 15 in Ranged Weapons
 38207 | Spider:4 | Identified the +1 pair of gloves of Defiance {rN++}
 38239 | Spider:4 | Got a gossamer rune of Zot
 38618 | Vaults:1 | Entered Level 1 of the Vaults
 39105 | Vaults:1 | Found a huge runed gate.
 39105 | Vaults:1 | Found a huge runed gate.
 39105 | Vaults:1 | Found a huge runed gate.
 39105 | Vaults:1 | Found a huge runed gate.
 39105 | Vaults:1 | Found a huge runed gate.
 39105 | Vaults:1 | Found a huge runed gate.
 39106 | Vaults:1 | Found a huge runed gate.
 39106 | Vaults:1 | Found a huge runed gate.
 39106 | Vaults:1 | Found a huge runed gate.
 39106 | Vaults:1 | Found a huge runed gate.
 39106 | Vaults:1 | Found a huge runed gate.
 39114 | Vaults:1 | Found a huge runed gate.
 39114 | Vaults:1 | Found a huge runed gate.
 39114 | Vaults:1 | Found a huge runed gate.
 39129 | Vaults:1 | Found a huge runed gate.
 39129 | Vaults:1 | Found a huge runed gate.
 39129 | Vaults:1 | Found a huge runed gate.
 39129 | Vaults:1 | Found a huge runed gate.
 39129 | Vaults:1 | Found a huge runed gate.
 39129 | Vaults:1 | Found a huge runed gate.
 39132 | Vaults:1 | Found a huge runed gate.
 39133 | Vaults:1 | Found a huge runed gate.
 39134 | Vaults:1 | Found a huge runed gate.
 39142 | Vaults:1 | Found a huge runed gate.
 39142 | Vaults:1 | Found a huge runed gate.
 39142 | Vaults:1 | Found a huge runed gate.
 39142 | Vaults:1 | Found a huge runed gate.
 39142 | Vaults:1 | Found a huge runed gate.
 39142 | Vaults:1 | Found a huge runed gate.
 39143 | Vaults:1 | Found a huge runed gate.
 39144 | Vaults:1 | Found a huge runed gate.
 39145 | Vaults:1 | Found a huge runed gate.
 39161 | Vaults:1 | Reached skill level 16 in Ranged Weapons
 39277 | Vaults:1 | Found a huge runed gate.
 39277 | Vaults:1 | Found a huge runed gate.
 39277 | Vaults:1 | Found a huge runed gate.
 39277 | Vaults:1 | Found a huge runed gate.
 39385 | Vaults:1 | Found Weblyamu's Jewellery Emporium.
 39544 | Vaults:1 | Identified the granite talisman of Hiaci {rCorr Str+3
                  | Dex+4}
 39748 | Vaults:1 | Identified a +0 crystal plate armour
 39749 | Vaults:1 | D - a +0 crystal plate armour {rare=g}
 39972 | Vaults:1 | Identified a potion of experience
 39973 | Vaults:1 | Reached skill level 15 in Spellcasting
 39973 | Vaults:1 | Reached skill level 15 in Conjurations
 39973 | Vaults:1 | Reached skill level 15 in Hexes
 39973 | Vaults:1 | Reached skill level 19 in Summonings
 39973 | Vaults:1 | Reached skill level 15 in Necromancy
 39973 | Vaults:1 | Reached skill level 15 in Translocations
 39973 | Vaults:1 | Reached skill level 15 in Transmutations
 39973 | Vaults:1 | Reached skill level 15 in Fire Magic
 39973 | Vaults:1 | Reached skill level 15 in Ice Magic
 39973 | Vaults:1 | Reached skill level 15 in Air Magic
 39973 | Vaults:1 | Reached skill level 15 in Earth Magic
 39973 | Vaults:1 | Reached skill level 15 in Poison Magic
 39973 | Vaults:1 | Reached XP level 20. HP: 151/151 MP: 0/0
 39985 | Vaults:1 | You drop a +0 crystal plate armour {rare=g}.
 39994 | Vaults:1 | D - a +0 crystal plate armour {rare=g}
 40187 | Vaults:2 | Reached XP level 21. HP: 125/157 MP: 0/0
 40187 | Vaults:2 | Learned a level 7 spell: Enfeeble
 40374 | Vaults:2 | Reached skill level 20 in Summonings
 41329 | Vaults:2 | Reached skill level 16 in Spellcasting
 41329 | Vaults:2 | Reached skill level 16 in Conjurations
 41329 | Vaults:2 | Reached skill level 16 in Hexes
 41329 | Vaults:2 | Reached skill level 16 in Necromancy
 41329 | Vaults:2 | Reached skill level 16 in Translocations
 41329 | Vaults:2 | Reached skill level 16 in Transmutations
 41329 | Vaults:2 | Reached skill level 16 in Fire Magic
 41329 | Vaults:2 | Reached skill level 16 in Ice Magic
 41329 | Vaults:2 | Reached skill level 16 in Air Magic
 41329 | Vaults:2 | Reached skill level 16 in Earth Magic
 41329 | Vaults:2 | Reached skill level 16 in Poison Magic
 41329 | Vaults:2 | Reached skill level 1 in Shapeshifting
 41362 | Vaults:2 | magus.rc [v1.9.6]
 41559 | Vaults:3 | Reached skill level 2 in Shapeshifting
 41631 | Vaults:3 | Reached skill level 3 in Shapeshifting
 41750 | Vaults:3 | Reached skill level 4 in Shapeshifting
 41931 | Vaults:3 | Reached skill level 5 in Shapeshifting
 42025 | Vaults:3 | Reached skill level 6 in Shapeshifting
 42305 | Vaults:3 | Found a staircase to the Crypt.
 42528 | Vaults:3 | You are sucked into a shaft and drop 1 floor!
 42550 | Vaults:4 | Reached skill level 7 in Shapeshifting
 42581 | Vaults:4 | Found Gootiuf's Armour Emporium.
 43242 | Vaults:4 | Reached skill level 8 in Shapeshifting
 43247 | Vaults:4 | Reached XP level 22. HP: 149/164 MP: 0/0
 43453 | Vaults:4 | Identified the +0 ring mail of Absence {Str+2}
 44202 | Vaults:4 | Reached skill level 9 in Shapeshifting
 44648 | Elf:1    | Entered Level 1 of the Elven Halls
 44681 | Elf:1    | Noticed Louise
 44686 | Elf:1    | Killed Louise
 44804 | Elf:1    | Found Kuohes's Antique Weapon Boutique.
 44903 | Elf:1    | Paralysed by an air elemental for 1 turns
 45026 | Elf:1    | Found Riobok's Assorted Antiques.
 45054 | Elf:1    | Reached skill level 10 in Shapeshifting
 45137 | Elf:1    | Bought a potion of heal wounds for 180 gold pieces
 45185 | Elf:1    | Bought a potion of curing for 108 gold pieces
 45522 | Elf:1    | Paralysed by an air elemental for 1 turns
 45625 | Elf:1    | Reached skill level 11 in Shapeshifting
 45743 | Elf:1    | Found Hiypept's Jewellery Boutique.
 45747 | Elf:1    | Bought the amulet of the Air {Inacc Air Fly rElec RMsl} for
                  | 601 gold pieces
 45747 | Elf:1    | Found the amulet of the Air {Inacc Air Fly rElec RMsl}
 45979 | Elf:2    | Identified the +0 robe of Fedhas's Envy {rElec rC- rN+
                  | Archmagi}
 46078 | Elf:2    | Paralysed by an air elemental for 1 turns
 46085 | Elf:2    | Paralysed by an air elemental for 1 turns
 46506 | Elf:2    | Found a runed translucent gate.
 46507 | Elf:2    | Found a runed translucent gate.
 46507 | Elf:2    | Found a runed translucent gate.
 46539 | Elf:3    | Entered Level 3 of the Elven Halls
 47244 | Elf:3    | Noticed Roxanne
 47263 | Elf:3    | Killed Roxanne
 47320 | Elf:3    | Reached skill level 12 in Shapeshifting
 47701 | Elf:3    | Reached skill level 13 in Shapeshifting
 47791 | Elf:3    | Reached XP level 23. HP: 166/169 MP: 0/0
 47791 | Elf:3    | Learned a level 8 spell: Maxwell's Capacitive Coupling
 48297 | Elf:3    | Identified the staff of the Arcadian God {rPois Earth}
 48393 | Elf:3    | Identified the ring of Konymeukh {Ice Dex+3}
 48409 | Elf:3    | Identified the +2 short sword of Youthful Indiscretion
                  | {drain, rElec rC+ rN+ Will+}
 48901 | Depths:1 | Entered Level 1 of the Depths
 48975 | Depths:1 | Reached skill level 14 in Shapeshifting
 49602 | Depths:1 | Found a gateway to Hell.
 49823 | Depths:1 | Found a white marble altar of Elyvilon.
 50046 | Depths:1 | Found a one-way gate leading to the halls of Pandemonium.
 50409 | Depths:2 | Reached skill level 15 in Shapeshifting
 50518 | Depths:2 | Found a one-way gateway to a ziggurat.
 50860 | Depths:2 | Identified the +4 hand axe "Hooh" {protect, *Rage rPois
                  | rF++ Str+3}
 51677 | Depths:2 | Noticed a golden dragon
 51680 | Depths:2 | Killed a golden dragon
 51680 | Depths:2 | Identified +0 gold dragon scales
 51806 | Depths:2 | Identified the +8 spear of the Summoning Gnat {heavy, rF+
                  | rN+}
 51812 | Depths:2 | Identified the amulet "Zyxeluel" {Acrobat Rampage Drain
                  | Dex+2}
 51825 | Depths:2 | Identified the +1 robe of Qowib {rN+}
 51833 | Depths:2 | Identified the staff of Wrath {Str+3 Dex+3 SInv Earth}
 52379 | Slime:1  | Entered Level 1 of the Pits of Slime
 52721 | Slime:2  | Reached skill level 16 in Shapeshifting
 52776 | Slime:2  | Reached skill level 21 in Summonings
 53784 | Slime:3  | Reached XP level 24. HP: 175/175 MP: 0/0
 54108 | Slime:3  | Reached skill level 22 in Summonings
 54216 | Slime:4  | Gained mutation: You are frail. (-10% HP) [a shining eye]
 54344 | Slime:3  | Reached skill level 17 in Spellcasting
 54344 | Slime:3  | Reached skill level 17 in Conjurations
 54344 | Slime:3  | Reached skill level 17 in Hexes
 54344 | Slime:3  | Reached skill level 17 in Necromancy
 54344 | Slime:3  | Reached skill level 17 in Translocations
 54344 | Slime:3  | Reached skill level 17 in Transmutations
 54344 | Slime:3  | Reached skill level 17 in Fire Magic
 54344 | Slime:3  | Reached skill level 17 in Ice Magic
 54344 | Slime:3  | Reached skill level 17 in Air Magic
 54344 | Slime:3  | Reached skill level 17 in Earth Magic
 54344 | Slime:3  | Reached skill level 17 in Poison Magic
 54573 | Slime:5  | Entered Level 5 of the Pits of Slime
 54837 | Slime:4  | Gained mutation: Your spells are a little easier to cast,
                  | but a little less powerful. [mutagenic glow]
 55016 | Slime:5  | Found a viscous altar of Jiyva.
 55034 | Slime:5  | Reached skill level 23 in Summonings
 55106 | Slime:5  | Noticed the Royal Jelly
 55110 | Slime:5  | Killed the Royal Jelly
 55727 | Slime:5  | Got a slimy rune of Zot
 55774 | Slime:5  | Acquired a manual of Dodging
 55785 | Slime:5  | Identified +0 pearl dragon scales
 55786 | Slime:5  | p - +0 pearl dragon scales {rare=g}
 55805 | Slime:5  | Identified the staff of the Barnacled God {rF+ rN+ Dex+3
                  | Necro}
 56359 | Slime:2  | Gained mutation: You have hidden genetic defects. [a
                  | shining eye]
 56361 | Slime:3  | Lost mutation: You have hidden genetic defects. [potion of
                  | mutation]
 56361 | Slime:3  | Lost mutation: You are frail. (-10% HP) [potion of
                  | mutation]
 56361 | Slime:3  | Lost mutation: Your spells are a little easier to cast, but
                  | a little less powerful. [potion of mutation]
 56361 | Slime:3  | Gained mutation: Armour fits poorly on your strangely
                  | shaped body. [potion of mutation]
 56361 | Slime:3  | Gained mutation: You occasionally lose the ability to read
                  | scrolls when taking damage. [potion of mutation]
 56361 | Slime:3  | Gained mutation: Your flesh is almost immune to the effects
                  | of heat. (rF+++) [potion of mutation]
 56362 | Slime:3  | Lost mutation: Armour fits poorly on your strangely shaped
                  | body. [potion of mutation]
 56362 | Slime:3  | Lost mutation: You occasionally lose the ability to read
                  | scrolls when taking damage. [potion of mutation]
 56362 | Slime:3  | Lost mutation: Your flesh is almost immune to the effects
                  | of heat. (rF+++) [potion of mutation]
 56362 | Slime:3  | Gained mutation: You have a pair of small horns on your
                  | head. [potion of mutation]
 56362 | Slime:3  | Gained mutation: Your natural rate of healing is unusually
                  | fast. [potion of mutation]
 57027 | Depths:2 | Reached skill level 15 in Dodging
 57254 | Depths:2 | the Enchantress comes into view. She is wielding a +4
                  | rapier of speed, wearing the +8 faerie dragon scales {rCorr
                  | MP+2 Stlth+} and wearing a +1 buckler of resistance.
 57254 | Depths:2 | Noticed the Enchantress
 57255 | Depths:2 | Here: the Enchantress, wielding a +4 rapier of speed,
                  | wearing the +8 faerie dragon scales {rCorr MP+2 Stlth+} and
                  | wearing a +1 buckler of resistance (repelling missiles)
 57260 | Depths:2 | Aim: the Enchantress, wielding a +4 rapier of speed,
                  | wearing the +8 faerie dragon scales {rCorr MP+2 Stlth+} and
                  | wearing a +1 buckler of resistance (heavily wounded,
                  | repelling missiles, magic disrupted, will inflict weakness
                  | and antimagic, chance to daze and blind: 20%)
 57260 | Depths:2 | Aim: the Enchantress, wielding a +4 rapier of speed,
                  | wearing the +8 faerie dragon scales {rCorr MP+2 Stlth+} and
                  | wearing a +1 buckler of resistance (heavily wounded,
                  | repelling missiles, magic disrupted, will inflict weakness
                  | and antimagic, chance to daze and blind: 20%)
 57263 | Depths:2 | Killed the Enchantress
 57264 | Depths:2 | Reached skill level 16 in Dodging
 57470 | Depths:2 | Reached skill level 1 in Shields
 57688 | Depths:3 | Found a one-way gate to the infinite horrors of the Abyss.
 57736 | Depths:3 | Reached skill level 2 in Shields
 57803 | Depths:3 | Reached skill level 3 in Shields
 57903 | Depths:3 | Reached skill level 17 in Dodging
 57910 | Depths:3 | Reached XP level 25. HP: 150/181 MP: 0/0
 57910 | Depths:3 | Learned a level 9 spell: Dragon's Call
 57916 | Depths:3 | Reached skill level 4 in Shields
 58026 | Depths:3 | Reached skill level 5 in Shields
 58128 | Depths:3 | Reached skill level 18 in Dodging
 58130 | Depths:3 | Noticed a juggernaut
 58133 | Depths:3 | Identified the +0 leather armour "Evoecvam" {Drain rC+
                  | Dex+7}
 58139 | Depths:3 | Killed a juggernaut
 58140 | Depths:3 | Reached skill level 6 in Shields
 58492 | Depths:3 | your +0 pearl dragon scales {rare=g} glow green for a
                  | moment.
 58516 | Depths:3 | Noticed a caustic shrike
 58518 | Depths:3 | Noticed a caustic shrike
 58518 | Depths:3 | Noticed a caustic shrike
 58518 | Depths:3 | Noticed a caustic shrike
 58519 | Depths:3 | Killed a caustic shrike
 58520 | Depths:3 | Reached skill level 19 in Dodging
 58520 | Depths:3 | Reached skill level 7 in Shields
 58520 | Depths:3 | Noticed a caustic shrike
 58523 | Depths:3 | Killed a caustic shrike
 58526 | Depths:3 | Killed a caustic shrike
 58527 | Depths:3 | Killed a caustic shrike
 58531 | Depths:3 | Killed a caustic shrike
 58776 | Depths:3 | Identified the amulet of Yczyr {Reflect MP+9 Str+3 SH+5}
 58778 | Depths:3 | Identified the +10 hand axe of Nemelex Xobeh {speed, rN+
                  | Str+5 Dex+4}
 58842 | Depths:3 | Reached skill level 18 in Spellcasting
 58842 | Depths:3 | Reached skill level 18 in Conjurations
 58842 | Depths:3 | Reached skill level 18 in Hexes
 58842 | Depths:3 | Reached skill level 18 in Necromancy
 58842 | Depths:3 | Reached skill level 18 in Translocations
 58842 | Depths:3 | Reached skill level 18 in Transmutations
 58842 | Depths:3 | Reached skill level 18 in Fire Magic
 58842 | Depths:3 | Reached skill level 18 in Ice Magic
 58842 | Depths:3 | Reached skill level 18 in Air Magic
 58842 | Depths:3 | Reached skill level 18 in Earth Magic
 58842 | Depths:3 | Reached skill level 18 in Poison Magic
 58855 | Depths:3 | Reached skill level 20 in Dodging
 59041 | Depths:3 | Noticed a caustic shrike
 59041 | Depths:3 | Noticed a caustic shrike
 59042 | Depths:3 | Noticed a caustic shrike
 59044 | Depths:3 | Noticed a caustic shrike
 59045 | Depths:3 | Noticed a caustic shrike
 59046 | Depths:3 | Noticed a caustic shrike
 59049 | Depths:3 | Noticed a caustic shrike
 59049 | Depths:3 | Noticed a caustic shrike
 59049 | Depths:3 | Noticed a caustic shrike
 59050 | Depths:3 | Noticed a caustic shrike
 59166 | Depths:3 | Identified the staff of Disaster {rElec rN+ Str+3 Air}
 59298 | Depths:3 | Reached skill level 24 in Summonings
 59326 | Depths:3 | Killed a caustic shrike
 59332 | Depths:3 | Killed a caustic shrike
 59334 | Depths:3 | Killed a caustic shrike
 59335 | Depths:3 | Killed a caustic shrike
 59335 | Depths:3 | Killed a caustic shrike
 59643 | Depths:3 | Killed a caustic shrike
 59645 | Depths:3 | Killed a caustic shrike
 59647 | Depths:3 | Killed a caustic shrike
 59649 | Depths:3 | Killed a caustic shrike
 59649 | Depths:3 | Killed a caustic shrike
 59650 | Depths:3 | Reached skill level 17 in Fighting
 59687 | Depths:4 | Entered Level 4 of the Depths
 59689 | Depths:4 | Reached XP level 26. HP: 173/173 MP: 0/0
 60131 | Depths:4 | Found a gate to the Realm of Zot.
 60225 | Depths:4 | Identified the +9 dagger of Bacvuo {drain, *Rage rPois
                  | Dex+4}
 60717 | Zot:1    | Entered Level 1 of the Realm of Zot
 60736 | Zot:1    | Reached skill level 19 in Spellcasting
 60736 | Zot:1    | Reached skill level 19 in Conjurations
 60736 | Zot:1    | Reached skill level 19 in Hexes
 60736 | Zot:1    | Reached skill level 25 in Summonings
 60736 | Zot:1    | Reached skill level 19 in Necromancy
 60736 | Zot:1    | Reached skill level 19 in Translocations
 60736 | Zot:1    | Reached skill level 19 in Transmutations
 60736 | Zot:1    | Reached skill level 19 in Fire Magic
 60736 | Zot:1    | Reached skill level 19 in Ice Magic
 60736 | Zot:1    | Reached skill level 19 in Air Magic
 60736 | Zot:1    | Reached skill level 19 in Earth Magic
 60736 | Zot:1    | Reached skill level 19 in Poison Magic
 60746 | Zot:1    | Reached skill level 18 in Fighting
 60872 | Zot:2    | Identified +0 gold dragon scales
 60884 | Zot:2    | Reached skill level 19 in Fighting
 60896 | Zot:2    | Noticed a Killer Klown
 60973 | Zot:2    | Identified the +3 lajatang of Frustration {freeze, rC+
                  | Str+4}
 60978 | Zot:2    | Identified +0 gold dragon scales
 61085 | Zot:2    | Killed a Killer Klown
 61212 | Zot:3    | Identified +7 gold dragon scales
 61212 | Zot:3    | Noticed Parghit
 61219 | Zot:3    | Killed Parghit
 61331 | Zot:4    | Reached skill level 20 in Fighting
 61340 | Zot:4    | Identified +0 gold dragon scales
 61366 | Zot:5    | Entered Level 5 of the Realm of Zot
 61562 | Zot:5    | Identified +0 gold dragon scales
 61841 | Zot:5    | Noticed an orb of fire
 61843 | Zot:5    | Gained mutation: You occasionally lose the ability to read
                  | scrolls when taking damage. [an orb of fire]
 61844 | Zot:5    | Noticed an orb of fire
 61844 | Zot:5    | Gained mutation: Armour fits poorly on your strangely
                  | shaped body. [an orb of fire]
 61845 | Zot:5    | Noticed an orb of fire
 61846 | Zot:5    | Noticed an orb of fire
 61848 | Zot:5    | Killed an orb of fire
 61849 | Zot:5    | Noticed an electric golem
 61853 | Zot:5    | Noticed an orb of fire
 61854 | Zot:5    | Killed an orb of fire
 61855 | Zot:5    | Killed an orb of fire
 61857 | Zot:5    | Killed an orb of fire
 61858 | Zot:5    | Killed an orb of fire
 61860 | Zot:5    | Killed an electric golem
 61861 | Zot:5    | Reached skill level 21 in Dodging
 61973 | Zot:5    | Reached skill level 21 in Fighting
 61977 | Zot:5    | Killed a dread lich
 62006 | Zot:5    | Noticed an orb of fire
 62008 | Zot:5    | Gained mutation: You are occasionally teleported next to
                  | monsters. [an orb of fire]
 62009 | Zot:5    | Gained mutation: You occasionally lose the ability to drink
                  | potions when taking damage. [an orb of fire]
 62010 | Zot:5    | Killed an orb of fire
 62014 | Zot:5    | Noticed an ancient lich
 62018 | Zot:5    | Killed an ancient lich
 62019 | Zot:5    | Lost mutation: Your natural rate of healing is unusually
                  | fast. [potion of mutation]
 62019 | Zot:5    | Lost mutation: You have a pair of small horns on your head.
                  | [potion of mutation]
 62019 | Zot:5    | Gained mutation: You are robust. (+10% HP) [potion of
                  | mutation]
 62019 | Zot:5    | Gained mutation: You are clumsy. (Dex -2) [potion of
                  | mutation]
 62020 | Zot:5    | Lost mutation: You occasionally lose the ability to read
                  | scrolls when taking damage. [potion of mutation]
 62020 | Zot:5    | Lost mutation: You are clumsy. (Dex -2) [potion of
                  | mutation]
 62020 | Zot:5    | Lost mutation: You occasionally lose the ability to drink
                  | potions when taking damage. [potion of mutation]
 62020 | Zot:5    | Gained mutation: You are partially covered in iridescent
                  | scales. (AC +2) [potion of mutation]
 62020 | Zot:5    | Gained mutation: A frigid envelope surrounds you and
                  | freezes all who hurt you. [potion of mutation]
 62020 | Zot:5    | Gained mutation: Your spells are a little easier to cast,
                  | but a little less powerful. [potion of mutation]
 62021 | Zot:5    | Lost mutation: You are robust. (+10% HP) [potion of
                  | mutation]
 62021 | Zot:5    | Lost mutation: Your spells are a little easier to cast, but
                  | a little less powerful. [potion of mutation]
 62021 | Zot:5    | Gained mutation: You are clumsy. (Dex -2) [potion of
                  | mutation]
 62022 | Zot:5    | Lost mutation: Armour fits poorly on your strangely shaped
                  | body. [potion of mutation]
 62022 | Zot:5    | Lost mutation: You are occasionally teleported next to
                  | monsters. [potion of mutation]
 62022 | Zot:5    | Gained mutation: You are frail. (-10% HP) [potion of
                  | mutation]
 62022 | Zot:5    | Gained mutation: You are very clumsy. (Dex -4) [potion of
                  | mutation]
 62022 | Zot:5    | Gained mutation: You passively map a small area around you.
                  | [potion of mutation]
 62202 | Zot:5    | Noticed an orb of fire
 62203 | Zot:5    | Gained mutation: Your body sometimes deteriorates upon
                  | taking damage. [an orb of fire]
 62205 | Zot:5    | Killed an orb of fire
 62213 | Zot:5    | Noticed a Killer Klown
 62217 | Zot:5    | Killed a Killer Klown
 62242 | Zot:5    | Noticed an orb of fire
 62245 | Zot:5    | Killed an orb of fire
 62263 | Zot:5    | Noticed a Killer Klown
 62266 | Zot:5    | Killed a Killer Klown
 62309 | Zot:5    | Got the Orb of Zot
 62335 | Zot:5    | Noticed Yqiru the pandemonium lord
 62342 | Zot:5    | Killed Yqiru the pandemonium lord
 62343 | Zot:5    | Reached skill level 22 in Dodging
 62390 | Zot:4    | Noticed a seraph
 62875 | D:9      | Noticed Bituquec the pandemonium lord
 62918 | D:7      | Reached skill level 22 in Fighting
 62921 | D:7      | Noticed Emoimm the pandemonium lord
 62950 | D:5      | Killed Duvessa
 63029 | D:$      | Escaped with the Orb!

Vanquished Creatures
  the Royal Jelly (Slime:5)
  A pandemonium lord (Zot:5)
  An ancient lich (Zot:5)
  6 orbs of fire (Zot:5)
  A juggernaut (Depths:3)
  Parghit (Zot:3)
  3 Killer Klowns
  7 golden dragons
  9 caustic shrikes (Depths:3)
  A bone dragon (Swamp:4)
  the Enchantress (Depths:2)
  Nikola (Lair:3)
  2 Brimstone Fiends
  Arachne (Spider:3)
  An Ice Fiend (Depths:3)
  Rupert (Lair:5)
  20 Orb Guardians
  7 tentacled monstrosities
  A lich (Depths:3)
  A walking frostbound tome (Depths:3)
  3 quicksilver dragons
  A deep elf blademaster (Elf:3)
  4 sphinxes
  3 deep elf master archers (Elf:3)
  18 acid blobs
  2 death cobs
  Gastronok (Lair:2)
  An Executioner (Depths:1)
  3 shadow dragons
  Donald (Spider:2)
  A thorn hunter (Swamp:4)
  Aizul (Spider:3)
  A fenstrider witch (Swamp:3)
  6 storm dragons
  5 tengu reavers
  16 azure jellies
  A draconian monk (Zot:2)
  10 rockslimes
  A daeva (Depths:2)
  7 fire giants
  A draconian knight (Zot:1)
  5 emperor scorpions
  11 frost giants
  2 draconian scorchers
  A draconian shifter (Zot:2)
  3 deep elf sorcerers
  6 ghost moths
  2 vault wardens
  2 balrugs (Depths:3)
  A draconian stormcaller (Zot:1)
  2 deep elf elementalists (Elf:3)
  An orc warlord (Vaults:3)
  8 quicksilver oozes
  An angel (Depths:2)
  9 formless jellyfish
  2 broodmothers (Spider:4)
  12 ironbound preservers
  2 draconian annihilators
  6 spriggan defenders
  4 vampire knights (Depths:3)
  3 ironbound thunderhulks
  4 eleionomae
  5 green draconians
  7 very ugly things
  10 stone giants
  Nessos (D:12)
  6 deep elf demonologists
  4 deep elf annihilators (Elf:3)
  3 black draconians
  3 white draconians
  Azrael (D:12)
  6 yellow draconians
  2 red draconians (Zot:5)
  3 bunyips
  6 purple draconians
  8 dire elephants
  5 spark wasps (Depths:4)
  4 ettins (Depths:2)
  2 deep elf death magi (Elf:3)
  2 green deaths
  Snorg (D:13)
  8 fire dragons
  3 blizzard demons
  6 yaktaur captains
  2 deep elf high priests
  7 entropy weavers
  A shambling mangrove (Swamp:4)
  10 great orbs of eyes
  A hydra (shapeshifter) (Depths:3)
  4 ice dragons
  3 ogre magi
  4 vault guards
  9 centaur warriors
  8 spriggan air magi
  Erica (D:9)
  6 alligators
  4 hydras
  A death knight (D:15)
  3 rakshasas
  2 jorogumos
  5 ironbound frosthearts
  3 ghost crabs
  2 radroaches (Spider:3)
  3 catoblepae
  3 deep troll earth magi
  9 boulder beetles
  11 death yaks
  11 dancing weapons
  4 tengu warriors
  11 two-headed ogres
  3 orc high priests (Orc:2)
  An occultist (Depths:3)
  A hell knight (Depths:4)
  9 demonic crawlers
  4 deep troll shamans
  5 spriggan berserkers
  2 sun demons
  16 deep elf knights
  A spectral bunyip (Swamp:4)
  2 sixfirhies
  4 pharaoh ants
  8 skeletal warriors
  A deep troll (shapeshifter) (D:15)
  3 glowing orange brains
  45 deep trolls
  5 goliath frogs
  2 death drakes (Depths:2)
  2 shadow demons
  9 orb spiders
  A cherub (Zot:5)
  A swamp dragon (shapeshifter) (Depths:1)
  7 lindwurms
  2 swamp dragons (Swamp:4)
  10 iron trolls
  2 spriggan druids
  5 phantasmal warriors
  7 deep elf archers
  2 steelbarb worms (Spider:2)
  2 ugly thing zombies (D:14)
  9 arcanists
  An anaconda skeleton (Volcano)
  7 bog bodies
  14 ironbound convokers
  50 ugly things
  5 orc knights
  27 deep elf zephyrmancers
  23 deep elf pyromancers
  6 shining eyes
  2 oklob plants (Depths:2)
  A wolf spider zombie (Spider:4)
  26 wolf spiders
  2 alligator zombies (Swamp:4)
  4 harpies (Vaults:1)
  5 orc sorcerers (Orc:2)
  3 cyclopes (D:15)
  2 alligator skeletons (Volcano)
  5 manticores (D:15)
  A moth of wrath (shapeshifter) (D:15)
  7 moths of wrath
  6 will-o-the-wisps
  An elephant (Lair:5)
  6 torpor snails
  3 vault sentinels
  4 black mambas
  A cane toad (shapeshifter) (D:15)
  3 eyes of devastation
  7 cane toads
  10 rime drakes
  Psyche (D:10)
  3 efreet
  A tormentor (Depths:3)
  3 gargoyles (Volcano)
  5 hellions
  7 komodo dragons
  A kobold demonologist (D:11)
  3 tengu conjurers
  4 swamp worm zombies (Swamp:4)
  15 yaktaurs
  4 freezing wraiths
  2 ice devils
  4 trolls
  11 bloated husks
  5 tyrant leeches
  A great orb of eyes zombie (Vaults:3)
  2 polar bears
  4 hydra zombies (Swamp:4)
  4 meliai
  16 hornets
  A spectral swamp dragon (Swamp:4)
  2 hellwings
  14 blink frogs
  3 glass eyes
  31 tarantellas
  A snapping turtle (shapeshifter) (D:15)
  2 jumping spider zombies (Spider:4)
  2 flying skulls (Volcano)
  5 dream sheep (Lair:5)
  93 slime creatures
  6 air elementals
  24 jumping spiders
  15 culicivoras
  3 shadows
  3 wraiths
  7 water elementals
  34 yaks
  15 spriggans
  6 wyverns
  10 humans
  A steam dragon (D:8)
  5 basilisks
  2 chaos spawn (Zot:5)
  2 vampires
  A yak (shapeshifter) (D:13)
  6 fire elementals
  4 golden eyes
  20 vampire mosquitoes
  46 redbacks
  3 wargs
  9 swamp worms
  An acid dragon (shapeshifter) (Elf:1)
  17 water moccasins
  An acid dragon (D:10)
  4 hell hounds
  3 sky beasts
  An entropy weaver zombie (Spider:4)
  5 swamp drakes
  5 black bears
  2 ice beasts
  16 orc warriors
  11 ogres
  A blink frog zombie (Lair:5)
  3 swamp dragon zombies (Swamp:4)
  8 wolves
  3 boggarts
  11 centaurs
  4 phantoms (Swamp:4)
  A kobold brigand (D:8)
  18 bullfrogs
  2 earth elementals
  3 scorpions
  A warg zombie (Orc:1)
  7 wights
  13 killer bees
  A spriggan skeleton (Volcano)
  2 howler monkeys (D:7)
  A jelly (D:6)
  14 orc priests
  5 hounds
  A jelly (shapeshifter) (Vaults:3)
  Ijyb (D:5)
  An iguana (D:7)
  24 orc wizards
  3 hell rats (Lair:2)
  3 spectral swamp drakes (Swamp:4)
  A polar bear simulacrum (IceCv)
  A wolf simulacrum (IceCv)
  A naga skeleton (Volcano)
  11 gnolls
  4 swamp drake zombies (Swamp:4)
  An adder (D:3)
  A shadow imp (D:8)
  A white imp (Vaults:4)
  2 ufetubi (D:6)
  2 dart slugs
  47 orcs
  7 bats
  11 endoplasms
  3 giant cockroaches (D:1)
  4 hobgoblins
  5 jackals
  13 kobolds
  6 quokkas
  9 ball pythons
  5 frilled lizards
  10 goblins
  An orc zombie (D:11)
  4 rats
  11 butterflies (Vaults:1)
1698 creatures vanquished.

Vanquished Creatures (collateral kills)
  A dread lich (Zot:5)
  2 orbs of fire (Zot:5)
  6 caustic shrikes (Depths:3)
  2 golden dragons
  An electric golem (Zot:5)
  3 tentacled monstrosities
  A quicksilver dragon (Zot:2)
  7 Orb Guardians
  5 acid blobs (Slime:5)
  A deep elf master archer (Elf:3)
  2 death cobs
  An Executioner (Depths:1)
  2 draconian monks
  A draconian knight (Zot:1)
  A storm dragon (Depths:3)
  A fire giant (Vaults:2)
  2 rockslimes (Slime:5)
  6 azure jellies (Slime:5)
  2 draconian scorchers
  Roxanne (Elf:3)
  3 deep elf sorcerers (Elf:3)
  A balrug (D:13)
  An emperor scorpion (Spider:3)
  Louise (Elf:1)
  An ironbound preserver (Vaults:3)
  A draconian stormcaller (Zot:1)
  2 draconian shifters (Zot:1)
  3 quicksilver oozes (Slime:5)
  6 deep elf elementalists (Elf:3)
  A broodmother (Spider:3)
  A spriggan defender (Depths:3)
  A demonspawn blood saint (D:13)
  5 stone giants
  A draconian annihilator (Zot:2)
  3 very ugly things (Depths:3)
  4 dire elephants (Vaults:2)
  3 deep elf demonologists (Elf:3)
  A lorocyproca (Zot:5)
  2 green draconians
  2 vampire knights (Depths:3)
  2 red draconians
  4 white draconians
  4 black draconians
  A bunyip (Swamp:1)
  4 deep elf annihilators (Elf:3)
  A yellow draconian (Zot:2)
  5 spark wasps
  3 purple draconians (Zot:2)
  2 deep elf death magi (Elf:3)
  2 blizzard demons (Depths:3)
  2 ettins (Depths:4)
  2 crystal guardians (Vaults:3)
  2 fire dragons (Depths:3)
  2 deep elf high priests (Elf:3)
  A yaktaur captain (Depths:4)
  An entropy weaver (Vaults:2)
  2 hydras
  3 great orbs of eyes
  2 vault guards
  An ice dragon (Depths:1)
  2 spriggan air magi
  A catoblepas (Lair:5)
  2 two-headed ogres
  A peacekeeper (Vaults:3)
  A centaur warrior (D:15)
  An ironbound frostheart (Vaults:1)
  A jorogumo (Spider:3)
  11 death yaks
  4 boulder beetles
  3 deep troll shamans
  A tengu warrior (D:14)
  2 death knights (Vaults:3)
  10 deep troll earth magi
  A demonic crawler (Spider:4)
  5 spriggan berserkers
  5 hell knights (Depths:4)
  A skyshark (Lair:5)
  5 iron trolls
  A spriggan rider (Depths:2)
  A pharaoh ant (Spider:3)
  2 goliath frogs (Swamp:1)
  A shadow wraith (Vaults:3)
  2 skeletal warriors (D:14)
  A flayed ghost (D:15)
  A glowing orange brain (Depths:3)
  2 large abominations
  A spriggan druid (Swamp:1)
  2 phantasmal warriors (Depths:3)
  6 deep trolls
  An arcanist (Vaults:3)
  A deep elf archer (Elf:3)
  2 steelbarb worms (Spider:1)
  4 ironbound convokers
  3 orb spiders
  A deep elf zephyrmancer (D:15)
  6 ugly thing zombies
  A necromancer (Depths:4)
  3 cyclopes
  A shining eye (Slime:5)
  A salamander (shapeshifter) (D:15)
  8 moths of wrath
  A centaur zombie (D:15)
  10 ugly things
  6 wolf spiders
  3 elephants (Lair:5)
  2 vault sentinels (Vaults:1)
  2 black mambas (Lair:5)
  2 smoke demons
  A torpor snail (Lair:2)
  2 orange demons
  5 cane toads
  A hellion (Depths:3)
  A komodo dragon (shapeshifter) (D:15)
  A freezing wraith (D:14)
  2 ice devils
  2 rime drakes
  2 yaktaurs
  10 tarantellas
  A meliai (shapeshifter) (Spider:1)
  7 hornets
  5 blink frogs
  Prince Ribbit (Bailey)
  A glass eye (Depths:3)
  2 jumping spider zombies
  11 jumping spiders
  14 slime creatures
  8 culicivoras
  8 spriggans
  A fire elemental (D:12)
  A wraith (D:14)
  8 yaks
  A ynoxinul (D:6)
  A vampire mosquito (Swamp:1)
  4 humans (D:14)
  18 redbacks
  Menkaure (D:7)
  A swamp worm (Swamp:1)
  A warg (D:11)
  Duvessa (D:5)
  An orc warrior (Orc:2)
  4 water moccasins
  A black bear (Lair:5)
  A manticore zombie (D:15)
  A wolf (Lair:5)
  2 vampire mosquito zombies (D:15)
  2 centaurs (D:15)
  A boggart (D:15)
  5 bullfrogs
  2 howler monkeys (D:7)
  An orc priest (Orc:2)
  A sleepcap (D:7)
  An orc wizard (D:7)
  2 hell rats (Lair:2)
  A gnoll (D:3)
  An adder (D:3)
  7 orc zombies (Orc:2)
  6 orcs
  A ball python (D:2)
  4 goblins
  A jackal (D:1)
  A bat (D:1)
  A frilled lizard (D:2)
  2 kobolds (D:8)
  A rat (D:1)
  A butterfly (Lair:5)
447 creatures vanquished.

Vanquished Creatures (others)
  A deep elf elementalist (Elf:3)
  A draconian stormcaller (Zot:2)
  An eleionoma (Swamp:4)
  2 acid blob zombies (Slime:5)
  A vault guard (D:14)
  A hydra (D:15)
  2 two-headed ogres
  2 azure jelly zombies (Slime:5)
  A quicksilver ooze zombie (Slime:5)
  A deep elf knight (Elf:3)
  An ogre zombie (Vaults:4)
  3 wolf spider zombies
  A phantasmal warrior (Depths:3)
  A wolf spider (Spider:3)
  An orc knight (D:15)
  16 ugly thing zombies
  A stone giant zombie (Vaults:2)
  A fire giant zombie (Vaults:2)
  An ugly thing (Vaults:3)
  A black mamba (Lair:3)
  A dire elephant zombie (Vaults:4)
  7 redback zombies
  3 orb spider zombies
  An efreet (D:15)
  A bloated husk (Swamp:1)
  A tarantella (Spider:4)
  A hornet (Swamp:2)
  2 hydra zombies (Lair:5)
  5 jumping spider zombies
  A jumping spider (Spider:3)
  A meliai zombie (Spider:1)
  5 culicivora zombies
  4 tarantella zombies
  A culicivora (Spider:3)
  4 black mamba zombies
  8 slime creature zombies
  2 vampire mosquitoes (D:15)
  A redback (Spider:4)
  An acid dragon (shapeshifter) (D:15)
  4 deep troll zombies
  2 cane toad zombies
  2 hornet zombies (Swamp:1)
  A wolf (Lair:3)
  4 blink frog zombies (Lair:5)
  A centaur (D:15)
  5 vampire mosquito zombies
  A phantom (Swamp:4)
  A komodo dragon zombie (Lair:5)
  A salamander zombie (D:15)
  A yaktaur zombie (Vaults:1)
  A cyclops zombie (D:15)
  A warg zombie (Orc:2)
  A water moccasin zombie (Lair:2)
  2 tengu zombies
  3 yak zombies
  5 bullfrog zombies
  11 human zombies
  An orc wizard (Orc:2)
  A scorpion zombie (D:7)
  A hell rat (Lair:2)
  A killer bee zombie (D:10)
  An ice beast zombie (D:7)
  A hound zombie (D:6)
  A howler monkey zombie (D:7)
  An iguana zombie (D:7)
  A jelly zombie (D:6)
  17 orc zombies
  An orc (Orc:2)
  A gnoll zombie (Bailey)
  A goblin zombie (Bailey)
  4 foxfires
170 creatures vanquished.

Grand Total: 2315 creatures vanquished

Table legend:
 A = Non-vault XP
 B = Vault XP
 C = Vault XP percentage of total XP
 D = Non-vault monster count
 E = Vault monster count
 F = Vault count percentage of total count
                 A         B        C        D         E       F
            +---------+---------+-------+---------+---------+-------
      Total |  629886 |  591338 |  48.4 |    1311 |     762 |  36.8
            +---------+---------+-------+---------+---------+-------
        D:1 |      48 |       0 |   0.0 |      28 |       0 |   0.0
        D:2 |      75 |       2 |   2.6 |      19 |       2 |   9.5
        D:3 |     133 |       0 |   0.0 |      22 |       0 |   0.0
        D:4 |     406 |       0 |   0.0 |      28 |       0 |   0.0
        D:5 |     632 |     193 |  23.4 |      22 |       4 |  15.4
        D:6 |     550 |       0 |   0.0 |       8 |       0 |   0.0
        D:7 |    1044 |     505 |  32.6 |      16 |       5 |  23.8
        D:8 |    3847 |       7 |   0.2 |      26 |       4 |  13.3
        D:9 |    2418 |     842 |  25.8 |      10 |       1 |   9.1
       D:10 |    2173 |     613 |  22.0 |      24 |       5 |  17.2
       D:11 |    3895 |    1070 |  21.6 |      14 |       4 |  22.2
       D:12 |    5525 |    2951 |  34.8 |      19 |       7 |  26.9
       D:13 |    3183 |     928 |  22.6 |      10 |       1 |   9.1
       D:14 |   16001 |    4069 |  20.3 |      31 |      11 |  26.2
       D:15 |       0 |   55539 | 100.0 |       0 |     104 | 100.0
     Lair:1 |    6978 |    2140 |  23.5 |      24 |       9 |  27.3
     Lair:2 |    6279 |    1979 |  24.0 |      25 |       4 |  13.8
     Lair:3 |   11280 |    4240 |  27.3 |      42 |      10 |  19.2
     Lair:4 |    5299 |    1824 |  25.6 |      19 |       5 |  20.8
     Lair:5 |   22950 |    9154 |  28.5 |      55 |      18 |  24.7
    Swamp:1 |   10228 |       0 |   0.0 |      25 |       0 |   0.0
    Swamp:2 |   11185 |     413 |   3.6 |      24 |       3 |  11.1
    Swamp:3 |   15519 |       0 |   0.0 |      34 |       0 |   0.0
    Swamp:4 |   14371 |   14269 |  49.8 |      23 |      39 |  62.9
   Spider:1 |   13607 |    2904 |  17.6 |      37 |       7 |  15.9
   Spider:2 |   19680 |    5704 |  22.5 |      56 |       7 |  11.1
   Spider:3 |   17825 |   15993 |  47.3 |      38 |      35 |  47.9
   Spider:4 |   14328 |   18751 |  56.7 |      35 |      41 |  53.9
    Slime:1 |    3580 |       0 |   0.0 |      10 |       0 |   0.0
    Slime:2 |   13852 |     721 |   4.9 |      24 |       3 |  11.1
    Slime:3 |   23234 |   13773 |  37.2 |      43 |      11 |  20.4
    Slime:4 |    3823 |    7040 |  64.8 |      11 |      10 |  47.6
    Slime:5 |   17669 |   27098 |  60.5 |      37 |      17 |  31.5
      Orc:1 |    5234 |       0 |   0.0 |      22 |       0 |   0.0
      Orc:2 |    1807 |    8251 |  82.0 |      31 |      24 |  43.6
      Elf:1 |   25383 |   15350 |  37.7 |      41 |      28 |  40.6
      Elf:2 |    4991 |    2493 |  33.3 |       8 |       3 |  27.3
      Elf:3 |   20607 |   41447 |  66.8 |      30 |      37 |  55.2
   Vaults:1 |   18400 |   18216 |  49.7 |      29 |      26 |  47.3
   Vaults:2 |   18954 |   21718 |  53.4 |      28 |      31 |  52.5
   Vaults:3 |   23797 |   21681 |  47.7 |      34 |      28 |  45.2
   Vaults:4 |   19832 |    4996 |  20.1 |      25 |       6 |  19.4
   Depths:1 |   21056 |     357 |   1.7 |      26 |       1 |   3.7
   Depths:2 |   26587 |   29783 |  52.8 |      30 |      34 |  53.1
   Depths:3 |   28041 |  122066 |  81.3 |      33 |     101 |  75.4
   Depths:4 |   41352 |    7848 |  16.0 |      49 |       8 |  14.0
      Zot:1 |   28088 |       0 |   0.0 |      25 |       0 |   0.0
      Zot:2 |   33309 |       0 |   0.0 |      27 |       0 |   0.0
      Zot:3 |    5012 |    3308 |  39.8 |       3 |       1 |  25.0
      Zot:4 |   11344 |       0 |   0.0 |       9 |       0 |   0.0
      Zot:5 |   24475 |   93230 |  79.2 |      22 |      35 |  61.4
     Bailey |       0 |    2942 | 100.0 |       0 |      18 | 100.0
      IceCv |       0 |      60 | 100.0 |       0 |       2 | 100.0
    Volcano |       0 |    4870 | 100.0 |       0 |      12 | 100.0
            +---------+---------+-------+---------+---------+-------

Skill      XL: |  1  2  3  4  5  6  7  8  9 10 11 12 13 14 15 16 17 18 19 20 21 22 23 24 25 26 |
---------------+-------------------------------------------------------------------------------+-----
Spellcasting   | 4 5 6 7 8 10 11 12 14 15 16 17 18 19 | 19.0
Conjurations   | 4 5 6 7 8 10 11 12 14 15 16 17 18 19 | 19.0
Hexes          | 4 5 6 7 8 10 11 12 14 15 16 17 18 19 | 19.0
Summonings     | 4 5 6 7 9 12 15 18 19 20 21 23 24 25 | 25.0
Necromancy     | 4 5 6 7 8 10 11 12 14 15 16 17 18 19 | 19.0
Translocations | 4 5 6 7 8 10 11 12 14 15 16 17 18 19 | 19.0
Transmutations | 4 5 6 7 8 10 11 12 14 15 16 17 18 19 | 19.0
Fire Magic     | 4 5 6 7 8 10 11 12 14 15 16 17 18 19 | 19.0
Ice Magic      | 4 5 6 7 8 10 11 12 14 15 16 17 18 19 | 19.0
Air Magic      | 4 5 6 7 8 10 11 12 14 15 16 17 18 19 | 19.0
Earth Magic    | 4 5 6 7 8 10 11 12 14 15 16 17 18 19 | 19.0
Poison Magic   | 4 5 6 7 8 10 11 12 14 15 16 17 18 19 | 19.0
Fighting       | 2 5 6 8 10 12 14 16 17 22 | 22.0
Dodging        | 5 8 10 12 14 17 20 22 | 22.3
Evocations     | 3 0 |  0.0
Polearms       | 5 11 13 14 | 14.0
Stealth        | 3 |  3.0
Ranged Weapons | 3 10 13 16 | 16.0
Shapeshifting  | 8 13 16 | 16.0
Shields        | 3 7 |  7.0

Action                     |  1- 3 |  4- 6 |  7- 9 | 10-12 | 13-15 | 16-18 | 19-21 | 22-24 | 25-27 || total
---------------------------+-------+-------+-------+-------+-------+-------+-------+-------+-------++-------
  Melee: Dagger            |     4 |    14 |   109 |    99 |       |       |       |       |       ||   226
         Punch             |       |     1 |     1 |     3 |     4 |       |       |       |       ||     9
         Trident           |       |       |       |   236 |   797 |   160 |       |       |       ||  1193
         Orcbow            |       |       |       |       |       |       |     1 |       |       ||     1
         Scimitar          |       |       |       |       |       |       |       |     3 |    26 ||    29
         Headbutt          |       |       |       |       |       |       |       |     1 |     3 ||     4
   Fire: Orcbow            |       |       |       |       |       |   517 |   829 |  1069 |       ||  2415
   Cast: Necrotise         |    63 |   142 |   109 |    46 |    24 |       |       |       |       ||   384
         Freeze            |       |    22 |     9 |       |       |       |       |       |       ||    31
         Vampiric Draining |       |     9 |    86 |    68 |    96 |    16 |       |       |       ||   275
         Animate Dead      |       |       |     6 |    12 |    12 |     8 |     6 |     5 |       ||    49
         Teleport Other    |       |       |    11 |     8 |    13 |     7 |       |       |       ||    39
         Wereblood         |       |       |     1 |       |    21 |     2 |       |       |       ||    24
         Irradiate         |       |       |       |    36 |    48 |    31 |     6 |    38 |     3 ||   162
         Lee's Rapid Decon |       |       |       |       |    31 |    85 |       |       |       ||   116
         Dispersal         |       |       |       |       |     1 |       |     7 |     7 |     6 ||    21
         Plasma Beam       |       |       |       |       |       |   250 |   106 |   185 |       ||   541
         Haunt             |       |       |       |       |       |       |    41 |    66 |       ||   107
         Enfeeble          |       |       |       |       |       |       |     2 |     3 |       ||     5
         Maxwell's Capacit |       |       |       |       |       |       |       |    61 |   195 ||   256
         Dragon's Call     |       |       |       |       |       |       |       |       |    27 ||    27
 Invoke: Sacrifice Experie |       |     1 |       |       |       |       |       |       |       ||     1
         Draw Out Power    |       |       |     2 |     2 |     3 |     2 |     1 |     3 |     1 ||    14
         Sacrifice Courage |       |       |     1 |       |       |       |       |       |       ||     1
         Apocalypse        |       |       |       |     9 |     5 |     8 |     4 |     5 |     1 ||    32
         Sacrifice Artific |       |       |       |     1 |       |       |       |       |       ||     1
         Sacrifice Durabil |       |       |       |     1 |       |       |       |       |       ||     1
  Evoke: Wand              |       |     1 |     8 |     8 |       |       |       |       |       ||    17
    Use: Scroll            |     3 |     5 |    14 |    11 |     6 |     4 |     4 |     7 |    10 ||    64
         Potion            |       |       |     2 |     5 |       |       |     3 |     2 |     9 ||    21
   Stab: Sleeping          |     1 |       |       |     2 |     5 |       |       |       |       ||     8
         Distracted        |       |       |     2 |     4 |    13 |     4 |       |       |       ||    23
         Paralysed         |       |       |       |    35 |    19 |     1 |       |       |       ||    55
         Invisible         |       |       |       |     7 |     2 |     1 |       |       |       ||    10
         Petrified         |       |       |       |       |     1 |       |       |       |       ||     1
 Armour: Robe              |     7 |       |       |       |       |       |       |       |       ||     7
         Leather armour    |     6 |    71 |   168 |   226 |   312 |   114 |       |       |       ||   897
         Troll leather arm |       |       |       |       |       |   139 |   148 |   110 |       ||   397
         Skin              |       |       |       |       |       |       |       |   369 |   160 ||   529
  Dodge: Dodged            |    17 |    55 |   151 |   245 |   437 |   440 |   238 |   705 |   293 ||  2581
         Repelled          |       |       |       |       |       |       |       |    28 |    16 ||    44
  Block: Other             |       |       |       |    30 |    34 |    42 |    53 |    13 |       ||   172
         Reflection        |       |       |       |     2 |       |     1 |     5 |     4 |       ||    12
         Buckler           |       |       |       |       |       |       |       |    13 |    82 ||    95
   Form: Statue            |       |       |       |       |       |       |       |     3 |       ||     3
                           |       |       |       |       |       |       |       |     2 |       ||     2

Illustrated notes

Table legend:
 A = Kills in this place as a percentage of kills in the entire game.
 B = Kills by you in this place as a percentage of kills by you in the entire game.
 C = Kills by friends in this place as a percentage of kills by friends in the entire game.
 D = Other kills in this place as a percentage of other kills in the entire game.
 E = Experience gained in this place as a percentage of experience gained in the entire game.
 F = Experience gained in this place divided by the number of levels of this place that you have seen.
                   A       B       C       D       E      F
               +-------+-------+-------+-------+-------+----------------------
         Total | 100.0 | 100.0 | 100.0 | 100.0 | 100.0 | 23244.8
       Dungeon |  20.9 |  22.2 |  15.6 |  22.7 |   9.7 | 8133.0
          Lair |  10.0 |   9.5 |  12.0 |  13.6 |   5.7 | 14424.6
         Swamp |   7.0 |   7.9 |   3.1 |  13.6 |   5.3 | 16496.2
   Spider Nest |  12.2 |  11.3 |  15.1 |  22.7 |   8.7 | 27198.0
    Slime Pits |   7.9 |   8.8 |   4.8 |   0.0 |   8.8 | 22158.0
  Orcish Mines |   3.7 |   4.1 |   1.7 |   4.5 |   1.2 | 7646.0
   Elven Halls |   7.0 |   7.3 |   5.7 |   9.1 |   8.8 | 36757.0
        Vaults |   9.8 |  10.2 |   8.6 |   4.5 |  11.8 | 36898.5
        Depths |  13.8 |  12.2 |  20.8 |   4.5 |  22.7 | 71139.0
           Zot |   6.2 |   4.9 |  11.7 |   4.5 |  16.7 | 41990.2
        Bailey |   0.9 |   0.8 |   1.0 |   0.0 |   0.2 | 2942.0
      Ice Cave |   0.1 |   0.1 |   0.0 |   0.0 |   0.0 |  60.0
       Volcano |   0.6 |   0.7 |   0.0 |   0.0 |   0.4 | 4870.0
               +-------+-------+-------+-------+-------+----------------------

Table legend: (Time is in decaauts)
 A = Elapsed time spent in this place.
 B = Non-inter-level travel time spent in this place.
 C = Inter-level travel time spent in this place.
 D = Time resting spent in this place.
 E = Time spent auto-exploring this place.
 F = Levels seen in this place.
 G = Mean time per level.
                   A        B        C        D        E       F      G
               +--------+--------+--------+--------+--------+-----+--------+
         Total |  68603 |  62787 |   5816 |  14102 |  35780 |  54 | 1270.4 |
       Dungeon |  23039 |  20004 |   3035 |   4992 |  11257 |  15 | 1535.9 |
          Lair |   7534 |   6893 |    641 |   1198 |   4545 |   5 | 1506.8 |
         Swamp |   3237 |   3046 |    191 |    434 |   2146 |   4 |  809.2 |
   Spider Nest |   3367 |   3218 |    149 |    417 |   1892 |   4 |  841.8 |
    Slime Pits |   5829 |   5308 |    521 |   2310 |   1702 |   5 | 1165.8 |
  Orcish Mines |   2182 |   2050 |    132 |    814 |    851 |   2 | 1091.0 |
   Elven Halls |   3834 |   3587 |    247 |    616 |   2068 |   3 | 1278.0 |
        Vaults |   5561 |   5387 |    174 |    656 |   3801 |   4 | 1390.2 |
        Depths |  10209 |   9693 |    516 |   1548 |   6396 |   4 | 2552.2 |
           Zot |   2631 |   2426 |    205 |    619 |    897 |   5 |  526.2 |
        Bailey |    427 |    427 |      0 |    208 |      2 |   1 |  427.0 |
      Ice Cave |    155 |    155 |      0 |     63 |      7 |   1 |  155.0 |
       Volcano |    592 |    592 |      0 |    224 |    215 |   1 |  592.0 |
               +--------+--------+--------+--------+--------+-----+--------+

Top non-repeatable levels by time:
    D:15: 4285 daAuts
Depths:2: 3503 daAuts
Depths:3: 2895 daAuts
 Slime:3: 2249 daAuts
Depths:1: 2238 daAuts
     D:8: 2102 daAuts
  Lair:5: 1966 daAuts
   Elf:3: 1955 daAuts
    D:11: 1879 daAuts
  Lair:3: 1847 daAuts
    D:12: 1733 daAuts
    D:10: 1629 daAuts
Depths:4: 1572 daAuts
Vaults:3: 1537 daAuts
   Zot:5: 1502 daAuts
